Workbook

Sheet Opened
A1: Firm Name | B1: Group | C1: Joint Reporting | D1: Reporting period | E1: Banking and credit cards | F1: Decumulation & pensions | G1: Home finance | H1: Insurance & pure protection | I1: Investments | J1: Grand Total
A2: 2GETHER INSURANCE LTD | B2: NO GROUP | C2: no | D2: 2025-10-01 to 2026-03-31 | H2: 749 | J2: 749
A3: Accord Mortgages Limited | B3: YORKSHIRE BUILDING SOCIETY | C3: no | D3: 2026-01-01 to 2026-06-30 | G3: 1079 | J3: 1079
A4: Accredited Insurance (Europe) Ltd | B4: ACCREDITED GROUP | C4: no | D4: 2026-01-01 to 2026-06-30 | H4: 4767 | J4: 4767
A5: ACORN INSURANCE AND FINANCIAL SERVICES LIMITED | B5: ACORN GROUP | C5: no | D5: 2026-01-01 to 2026-06-30 | H5: 1184 | J5: 1184
A6: Admiral Financial Services Limited | B6: ADMIRAL GROUP PLC | C6: no | D6: 2026-01-01 to 2026-06-30 | G6: 17 | J6: 17
A7: Adrian Flux Insurance Services Group | B7: NO GROUP | C7: no | D7: 2025-10-01 to 2026-03-31 | H7: 2428 | J7: 2428
A8: Advisory Insurance Brokers Limited | B8: ARDONAGH GROUP LIMITED | C8: no | D8: 2026-01-01 to 2026-06-30 | H8: 517 | J8: 517
A9: Ageas Insurance Limited | B9: AGEAS SA-NV | C9: no | D9: 2026-01-01 to 2026-06-30 | H9: 5691 | J9: 5691
A10: Ageas Retail Limited | B10: AGEAS SA-NV | C10: no | D10: 2026-01-01 to 2026-06-30 | H10: 3062 | J10: 3062
A11: Aioi Nissay Dowa Insurance UK Limited | B11: AIOI NISSAY DOWA EUROPE LIMITED | C11: yes | D11: 2026-01-01 to 2026-06-30 | H11: 1240 | J11: 1240
A12: AJ Bell Management Limited | B12: AJ BELL GROUP | C12: no | D12: 2025-10-01 to 2026-03-31 | F12: 1199 | J12: 1199
A13: AJ Bell Securities Limited | B13: AJ BELL GROUP | C13: no | D13: 2025-10-01 to 2026-03-31 | E13: 17 | F13: 308 | I13: 1212 | J13: 1537
A14: Aldermore Bank Plc | B14: FIRSTRAND LIMITED | C14: no | D14: 2026-01-01 to 2026-06-30 | E14: 901 | G14: 841 | J14: 1742
A15: Allianz Insurance Plc | B15: ALLIANZ GROUP | C15: no | D15: 2026-01-01 to 2026-06-30 | H15: 3152 | J15: 3152
A16: ALLICA BANK LIMITED | B16: NO GROUP | C16: no | D16: 2026-01-01 to 2026-06-30 | E16: 611 | J16: 611
A17: AMERICAN EXPRESS SERVICES EUROPE LIMITED | B17: AMERICAN EXPRESS | C17: no | D17: 2026-01-01 to 2026-06-30 | E17: 19841 | H17: 174 | J17: 20015
A18: AMERICAN INTERNATIONAL GROUP UK LIMITED | B18: AMERICAN INTERNATIONAL GROUP, INC. (AIG) | C18: no | D18: 2026-01-01 to 2026-06-30 | H18: 906 | J18: 906
A19: AmTrust Specialty Limited | B19: AMTRUST INTERNATIONAL | C19: no | D19: 2026-01-01 to 2026-06-30 | H19: 2016 | J19: 2016
A20: ANIMAL FRIENDS INSURANCE SERVICES LIMITED | B20: PINNACLE PET GROUP | C20: no | D20: 2026-01-01 to 2026-06-30 | H20: 2357 | J20: 2357
A21: Antares Insurance Company Limited | B21: QIC CAPITAL LLC | C21: no | D21: 2026-01-01 to 2026-06-30 | H21: 1049 | J21: 1049
A22: ARAG Legal Expenses Insurance Company Limited | B22: ARAG PLC | C22: no | D22: 2026-01-01 to 2026-06-30 | H22: 4718 | J22: 4718
A23: Arch Insurance (UK) Limited | B23: ARCH CAPITAL GROUP | C23: no | D23: 2026-01-01 to 2026-06-30 | H23: 509 | J23: 509
A24: Arthur J. Gallagher Insurance Brokers Limited | B24: GALLAGHER GROUP | C24: yes | D24: 2026-01-01 to 2026-06-30 | H24: 949 | J24: 949
A25: Assurant General Insurance Limited | B25: ASSURANT INC | C25: no | D25: 2026-01-01 to 2026-06-30 | H25: 6620 | J25: 6620
A26: Astrenska Insurance Limited | B26: COLLINSON GROUP | C26: no | D26: 2025-11-01 to 2026-04-30 | H26: 3825 | J26: 3825
A27: Asurion Europe Limited | B27: ASURION | C27: no | D27: 2026-01-01 to 2026-06-30 | H27: 1164 | J27: 1164
A28: Atlanta Insurance Intermediaries Limited | B28: MARKERSTUDY GROUP | C28: no | D28: 2026-01-01 to 2026-06-30 | H28: 7847 | J28: 7847
A29: Automobile Association Insurance Services Limited | B29: AUTOMOBILE ASSOCIATION (AA) | C29: no | D29: 2025-08-01 to 2026-01-31 | H29: 7116 | J29: 7116
A30: Avantia Insurance Limited | B30: AVANTIA GROUP | C30: no | D30: 2026-01-01 to 2026-06-30 | H30: 1061 | J30: 1061
A31: Aviva Administration Limited | B31: AVIVA PLC | C31: no | D31: 2026-01-01 to 2026-06-30 | F31: 20143 | G31: 592 | H31: 6834 | I31: 4088 | J31: 31657
A32: Aviva Health UK Limited | B32: AVIVA PLC | C32: no | D32: 2026-01-01 to 2026-06-30 | H32: 1082 | J32: 1082
A33: Aviva Insurance Limited | B33: AVIVA PLC | C33: no | D33: 2026-01-01 to 2026-06-30 | H33: 54710 | J33: 54710
A34: AWP Assistance UK Ltd | B34: ALLIANZ GROUP | C34: yes | D34: 2026-01-01 to 2026-06-30 | H34: 3266 | J34: 3266
A35: AWP P&C S.A. | B35: ALLIANZ GROUP | C35: yes | D35: 2026-01-01 to 2026-06-30 | H35: 2555 | J35: 2555
A36: AXA Insurance Designated Activity Company | B36: AXA GROUP | C36: no | D36: 2026-01-01 to 2026-06-30 | H36: 1728 | J36: 1728
A37: AXA Insurance UK Plc | B37: AXA GROUP | C37: no | D37: 2026-01-01 to 2026-06-30 | H37: 18717 | J37: 18717
A38: AXA PPP Healthcare Limited | B38: AXA GROUP | C38: no | D38: 2026-01-01 to 2026-06-30 | H38: 21487 | J38: 21487
A39: Bank of Ireland (UK) Plc | B39: BANK OF IRELAND GROUP | C39: yes | D39: 2026-01-01 to 2026-06-30 | E39: 1739 | G39: 776 | H39: 38 | J39: 2553
A40: Bank of Scotland plc | B40: LLOYDS BANKING GROUP PLC | C40: no | D40: 2026-01-01 to 2026-06-30 | E40: 78145 | F40: 2 | G40: 12934 | H40: 217 | I40: 28 | J40: 91326
A41: Barclays Bank Plc | B41: BARCLAYS GROUP | C41: no | D41: 2026-01-01 to 2026-06-30 | E41: 10450 | F41: 52 | G41: 2 | I41: 1258 | J41: 11762
A42: Barclays Bank UK PLC | B42: BARCLAYS GROUP | C42: no | D42: 2026-01-01 to 2026-06-30 | E42: 85021 | F42: 2 | G42: 5356 | H42: 277 | I42: 22 | J42: 90678
A43: Bennetts Motorcycling Services Limited | B43: NO GROUP | C43: no | D43: 2026-01-01 to 2026-06-30 | H43: 603 | J43: 603
A44: BISL Limited | B44: MARKERSTUDY GROUP | C44: no | D44: 2026-01-01 to 2026-06-30 | H44: 13479 | J44: 13479
A45: British Gas Services Limited | B45: BRITISH GAS | C45: yes | D45: 2026-01-01 to 2026-06-30 | H45: 46797 | J45: 46797
A46: BUPA Insurance Services Limited | B46: BUPA GROUP | C46: yes | D46: 2026-01-01 to 2026-06-30 | H46: 27891 | J46: 27891
A47: Cabot Credit Management Group Limited | B47: ENCORE CAPITAL GROUP | C47: no | D47: 2026-01-01 to 2026-06-30 | G47: 22 | J47: 22
A48: CALL ASSIST LIMITED | B48: NO GROUP | C48: no | D48: 2025-11-01 to 2026-04-30 | H48: 756 | J48: 756
A49: Capital One (Europe) plc | B49: CAPITAL ONE FINANCIAL CORPORATION | C49: no | D49: 2026-01-01 to 2026-06-30 | E49: 25941 | H49: 9 | J49: 25950
A50: Car Care Plan Limited | B50: NO GROUP | C50: yes | D50: 2026-01-01 to 2026-06-30 | H50: 918 | J50: 918
A51: Carfinance247 Limited | B51: 247 MONEY GROUP | C51: no | D51: 2026-01-01 to 2026-06-30 | H51: 231 | J51: 231
A52: CAROLE NASH INSURANCE CONSULTANTS LIMITED | B52: MARKERSTUDY GROUP | C52: no | D52: 2026-01-01 to 2026-06-30 | H52: 2200 | J52: 2200
A53: Castelan Limited | B53: CASTELAN GROUP | C53: no | D53: 2025-10-01 to 2026-03-31 | H53: 836 | J53: 836
A54: Charter Court Financial Services Limited | B54: CHARTER COURT FINANCIAL SERVICES GROUP PLC | C54: no | D54: 2026-01-01 to 2026-06-30 | E54: 836 | G54: 1001 | J54: 1837
A55: Chubb European Group SE | B55: CHUBB LIMITED | C55: no | D55: 2026-01-01 to 2026-06-30 | H55: 4868 | J55: 4868
A56: ClearBank Limited | B56: CLEARBANK GROUP | C56: no | D56: 2026-01-01 to 2026-06-30 | E56: 4994 | J56: 4994
A57: Close Brothers Limited | B57: CLOSE BROTHERS GROUP PLC | C57: no | D57: 2025-08-01 to 2026-01-31 | E57: 199 | H57: 1 | J57: 200
A58: Cofunds Limited | B58: AEGON N.V. | C58: no | D58: 2026-01-01 to 2026-06-30 | F58: 82 | I58: 681 | J58: 763
A59: COMPLETE COVER GROUP LIMITED | B59: COMPLETE COVER GROUP | C59: no | D59: 2026-01-01 to 2026-06-30 | H59: 684 | J59: 684
A60: Computershare Investor Services Plc | B60: NO GROUP | C60: no | D60: 2026-01-01 to 2026-06-30 | I60: 575 | J60: 575
A61: Connells Limited | B61: SKIPTON BUILDING SOCIETY | C61: no | D61: 2026-01-01 to 2026-06-30 | G61: 408 | H61: 140 | J61: 548
A62: Countrywide Assured Plc | B62: CHESNARA PLC | C62: no | D62: 2026-01-01 to 2026-06-30 | F62: 483 | H62: 254 | I62: 97 | J62: 834
A63: Coutts & Company | B63: NATWEST GROUP | C63: no | D63: 2026-01-01 to 2026-06-30 | E63: 1464 | F63: 26 | G63: 109 | H63: 14 | I63: 80 | J63: 1693
A64: Covea Insurance plc | B64: COVEA GROUP | C64: yes | D64: 2026-01-01 to 2026-06-30 | H64: 2579 | J64: 2579
A65: Coventry Building Society | B65: COVENTRY BUILDING SOCIETY | C65: yes | D65: 2026-01-01 to 2026-06-30 | E65: 3632 | G65: 707 | J65: 4339
A66: CREATION CONSUMER FINANCE LIMITED | B66: BNP PARIBAS GROUP | C66: no | D66: 2026-01-01 to 2026-06-30 | E66: 8629 | J66: 8629
A67: Cynergy Bank Plc | B67: CYNERGY CAPITAL LTD | C67: no | D67: 2026-01-01 to 2026-06-30 | E67: 682 | G67: 5 | J67: 687
A68: Digital Moneybox Limited | B68: NO GROUP | C68: no | D68: 2026-01-01 to 2026-06-30 | E68: 606 | F68: 36 | I68: 235 | J68: 877
A69: Domestic & General Insurance Plc | B69: DOMESTIC & GENERAL GROUP | C69: no | D69: 2025-10-01 to 2026-03-31 | H69: 72314 | J69: 72314
A70: Dual Corporate Risks Limited | B70: DUAL GROUP | C70: no | D70: 2026-01-01 to 2026-06-30 | H70: 578 | J70: 578
A71: EBS Pensions Limited | B71: LLOYDS BANKING GROUP PLC | C71: no | D71: 2026-01-01 to 2026-06-30 | E71: 0 | F71: 849 | G71: 0 | H71: 0 | I71: 0 | J71: 849
A72: Elderbridge Limited | B72: TECH MAHINDRA LIMITED | C72: no | D72: 2025-10-01 to 2026-03-31 | G72: 828 | J72: 828
A73: Embark Investment Services Limited | B73: LLOYDS BANKING GROUP PLC | C73: no | D73: 2026-01-01 to 2026-06-30 | E73: 0 | F73: 409 | G73: 0 | H73: 0 | I73: 397 | J73: 806
A74: Embark Services Limited | B74: LLOYDS BANKING GROUP PLC | C74: no | D74: 2026-01-01 to 2026-06-30 | E74: 0 | F74: 591 | G74: 0 | H74: 0 | I74: 0 | J74: 591
A75: Equiniti Financial Services Limited | B75: EQUINITI GROUP PLC | C75: no | D75: 2026-01-01 to 2026-06-30 | F75: 17 | I75: 3115 | J75: 3132
A76: ERGO TRAVEL INSURANCE SERVICES LTD | B76: MUNICH RE | C76: no | D76: 2026-01-01 to 2026-06-30 | H76: 8287 | J76: 8287
A77: esure Insurance Limited | B77: AGEAS SA-NV | C77: no | D77: 2026-01-01 to 2026-06-30 | H77: 12179 | J77: 12179
A78: ETORO (UK) LIMITED | B78: ETORO GROUP LTD | C78: no | D78: 2026-01-01 to 2026-06-30 | I78: 631 | J78: 631
A79: EUI Limited | B79: ADMIRAL GROUP PLC | C79: yes | D79: 2026-01-01 to 2026-06-30 | H79: 65577 | J79: 65577
A80: Exeter Friendly Society Limited | B80: NO GROUP | C80: no | D80: 2026-01-01 to 2026-06-30 | H80: 1258 | J80: 1258
A81: Experian Limited | B81: EXPERIAN PLC | C81: no | D81: 2025-10-01 to 2026-03-31 | G81: 1 | H81: 3 | J81: 4
A82: Extracover Limited | B82: NO GROUP | C82: no | D82: 2026-01-01 to 2026-06-30 | H82: 2323 | J82: 2323
A83: Family Assurance Friendly Society Limited | B83: NO GROUP | C83: no | D83: 2026-01-01 to 2026-06-30 | F83: 1 | H83: 394 | I83: 463 | J83: 858
A84: Family Equity Plan Limited | B84: FAMILY ASSURANCE FRIENDLY SOCIETY LTD | C84: no | D84: 2026-01-01 to 2026-06-30 | E84: 707 | I84: 658 | J84: 1365
A85: FCE Bank Plc | B85: FORD MOTOR CO | C85: no | D85: 2026-01-01 to 2026-06-30 | E85: 153 | J85: 153
A86: FIL Life Insurance Limited | B86: FIDELITY INTERNATIONAL GROUP | C86: no | D86: 2026-01-01 to 2026-06-30 | F86: 590 | J86: 590
A87: Financial Administration Services Limited | B87: FIDELITY INTERNATIONAL GROUP | C87: no | D87: 2026-01-01 to 2026-06-30 | F87: 717 | I87: 1344 | J87: 2061
A88: First Central Insurance Management Limited | B88: FIRST CENTRAL GROUP LIMITED | C88: no | D88: 2026-01-01 to 2026-06-30 | H88: 9305 | J88: 9305
A89: FirstRand Bank Limited | B89: FIRSTRAND LIMITED | C89: no | D89: 2026-01-01 to 2026-06-30 | H89: 14 | J89: 14
A90: Forester Life Limited | B90: FORSTERS FINANCIAL | C90: no | D90: 2026-01-01 to 2026-06-30 | F90: 28 | H90: 39 | I90: 573 | J90: 640
A91: Fortegra Europe Insurance Company Ltd | B91: TIPTREE INC | C91: no | D91: 2026-01-01 to 2026-06-30 | H91: 3312 | J91: 3312
A92: Freetrade Limited | B92: IG GROUP | C92: no | D92: 2026-01-01 to 2026-06-30 | F92: 107 | I92: 489 | J92: 596
A93: Funding Circle Ltd | B93: NO GROUP | C93: no | D93: 2026-01-01 to 2026-06-30 | I93: 8 | J93: 8
A94: Halifax Share Dealing Limited | B94: LLOYDS BANKING GROUP PLC | C94: no | D94: 2026-01-01 to 2026-06-30 | E94: 0 | F94: 72 | G94: 0 | H94: 0 | I94: 628 | J94: 700
A95: Hargreaves Lansdown Asset Management Limited | B95: HARGREAVES LANSDOWN LIMITED | C95: no | D95: 2026-01-01 to 2026-06-30 | F95: 2564 | I95: 8328 | J95: 10892
A96: Hastings Insurance Services Limited | B96: HASTINGS GROUP | C96: yes | D96: 2026-01-01 to 2026-06-30 | H96: 23151 | J96: 23151
A97: HELVETIA GLOBAL SOLUTIONS LTD | B97: HELVETIA GROUP | C97: no | D97: 2026-01-01 to 2026-06-30 | H97: 1135 | J97: 1135
A98: HERTS INSURANCE CONSULTANTS LIMITED | B98: NO GROUP | C98: no | D98: 2025-10-01 to 2026-03-31 | H98: 745 | J98: 745
A99: Highway Insurance Company Limited | B99: ALLIANZ GROUP | C99: no | D99: 2026-01-01 to 2026-06-30 | H99: 1098 | J99: 1098
A100: Hiscox Insurance Company Limited | B100: HISCOX GROUP | C100: yes | D100: 2026-01-01 to 2026-06-30 | H100: 529 | J100: 529
...

Sheet Closed
A1: Firm Name | B1: Group | C1: Joint Reporting | D1: Reporting period | E1: Banking and credit cards | F1: Decumulation & pensions | G1: Home finance | H1: Insurance & pure protection | I1: Investments | J1: Grand Total
A2: 2GETHER INSURANCE LTD | B2: NO GROUP | C2: no | D2: 2025-10-01 to 2026-03-31 | H2: 749 | J2: 749
A3: Accord Mortgages Limited | B3: YORKSHIRE BUILDING SOCIETY | C3: no | D3: 2026-01-01 to 2026-06-30 | G3: 1081 | J3: 1081
A4: Accredited Insurance (Europe) Ltd | B4: ACCREDITED GROUP | C4: no | D4: 2026-01-01 to 2026-06-30 | H4: 4212 | J4: 4212
A5: ACORN INSURANCE AND FINANCIAL SERVICES LIMITED | B5: ACORN GROUP | C5: no | D5: 2026-01-01 to 2026-06-30 | H5: 1144 | J5: 1144
A6: Admiral Financial Services Limited | B6: ADMIRAL GROUP PLC | C6: no | D6: 2026-01-01 to 2026-06-30 | G6: 18 | J6: 18
A7: Adrian Flux Insurance Services Group | B7: NO GROUP | C7: no | D7: 2025-10-01 to 2026-03-31 | H7: 2421 | J7: 2421
A8: Advisory Insurance Brokers Limited | B8: ARDONAGH GROUP LIMITED | C8: no | D8: 2026-01-01 to 2026-06-30 | H8: 510 | J8: 510
A9: Ageas Insurance Limited | B9: AGEAS SA-NV | C9: no | D9: 2026-01-01 to 2026-06-30 | H9: 5354 | J9: 5354
A10: Ageas Retail Limited | B10: AGEAS SA-NV | C10: no | D10: 2026-01-01 to 2026-06-30 | H10: 2733 | J10: 2733
A11: Aioi Nissay Dowa Insurance UK Limited | B11: AIOI NISSAY DOWA EUROPE LIMITED | C11: yes | D11: 2026-01-01 to 2026-06-30 | H11: 1141 | J11: 1141
A12: AJ Bell Management Limited | B12: AJ BELL GROUP | C12: no | D12: 2025-10-01 to 2026-03-31 | F12: 1180 | J12: 1180
A13: AJ Bell Securities Limited | B13: AJ BELL GROUP | C13: no | D13: 2025-10-01 to 2026-03-31 | E13: 18 | F13: 300 | I13: 1178 | J13: 1496
A14: Aldermore Bank Plc | B14: FIRSTRAND LIMITED | C14: no | D14: 2026-01-01 to 2026-06-30 | E14: 730 | G14: 760 | J14: 1490
A15: Allianz Insurance Plc | B15: ALLIANZ GROUP | C15: no | D15: 2026-01-01 to 2026-06-30 | H15: 3091 | J15: 3091
A16: ALLICA BANK LIMITED | B16: NO GROUP | C16: no | D16: 2026-01-01 to 2026-06-30 | E16: 593 | J16: 593
A17: AMERICAN EXPRESS SERVICES EUROPE LIMITED | B17: AMERICAN EXPRESS | C17: no | D17: 2026-01-01 to 2026-06-30 | E17: 19810 | H17: 209 | J17: 20019
A18: AMERICAN INTERNATIONAL GROUP UK LIMITED | B18: AMERICAN INTERNATIONAL GROUP, INC. (AIG) | C18: no | D18: 2026-01-01 to 2026-06-30 | H18: 920 | J18: 920
A19: AmTrust Specialty Limited | B19: AMTRUST INTERNATIONAL | C19: no | D19: 2026-01-01 to 2026-06-30 | H19: 1987 | J19: 1987
A20: ANIMAL FRIENDS INSURANCE SERVICES LIMITED | B20: PINNACLE PET GROUP | C20: no | D20: 2026-01-01 to 2026-06-30 | H20: 2184 | J20: 2184
A21: Antares Insurance Company Limited | B21: QIC CAPITAL LLC | C21: no | D21: 2026-01-01 to 2026-06-30 | H21: 1022 | J21: 1022
A22: ARAG Legal Expenses Insurance Company Limited | B22: ARAG PLC | C22: no | D22: 2026-01-01 to 2026-06-30 | H22: 4676 | J22: 4676
A23: Arch Insurance (UK) Limited | B23: ARCH CAPITAL GROUP | C23: no | D23: 2026-01-01 to 2026-06-30 | H23: 438 | J23: 438
A24: Arthur J. Gallagher Insurance Brokers Limited | B24: GALLAGHER GROUP | C24: yes | D24: 2026-01-01 to 2026-06-30 | H24: 914 | J24: 914
A25: Assurant General Insurance Limited | B25: ASSURANT INC | C25: no | D25: 2026-01-01 to 2026-06-30 | H25: 6585 | J25: 6585
A26: Astrenska Insurance Limited | B26: COLLINSON GROUP | C26: no | D26: 2025-11-01 to 2026-04-30 | H26: 3551 | J26: 3551
A27: Asurion Europe Limited | B27: ASURION | C27: no | D27: 2026-01-01 to 2026-06-30 | H27: 1235 | J27: 1235
A28: Atlanta Insurance Intermediaries Limited | B28: MARKERSTUDY GROUP | C28: no | D28: 2026-01-01 to 2026-06-30 | H28: 7790 | J28: 7790
A29: Automobile Association Insurance Services Limited | B29: AUTOMOBILE ASSOCIATION (AA) | C29: no | D29: 2025-08-01 to 2026-01-31 | H29: 7162 | J29: 7162
A30: Avantia Insurance Limited | B30: AVANTIA GROUP | C30: no | D30: 2026-01-01 to 2026-06-30 | H30: 1035 | J30: 1035
A31: Aviva Administration Limited | B31: AVIVA PLC | C31: no | D31: 2026-01-01 to 2026-06-30 | F31: 20070 | G31: 589 | H31: 6400 | I31: 4005 | J31: 31064
A32: Aviva Health UK Limited | B32: AVIVA PLC | C32: no | D32: 2026-01-01 to 2026-06-30 | H32: 1082 | J32: 1082
A33: Aviva Insurance Limited | B33: AVIVA PLC | C33: no | D33: 2026-01-01 to 2026-06-30 | H33: 53482 | J33: 53482
A34: AWP Assistance UK Ltd | B34: ALLIANZ GROUP | C34: yes | D34: 2026-01-01 to 2026-06-30 | H34: 3016 | J34: 3016
A35: AWP P&C S.A. | B35: ALLIANZ GROUP | C35: yes | D35: 2026-01-01 to 2026-06-30 | H35: 2325 | J35: 2325
A36: AXA Insurance Designated Activity Company | B36: AXA GROUP | C36: no | D36: 2026-01-01 to 2026-06-30 | H36: 1753 | J36: 1753
A37: AXA Insurance UK Plc | B37: AXA GROUP | C37: no | D37: 2026-01-01 to 2026-06-30 | H37: 18093 | J37: 18093
A38: AXA PPP Healthcare Limited | B38: AXA GROUP | C38: no | D38: 2026-01-01 to 2026-06-30 | H38: 20483 | J38: 20483
A39: Bank of Ireland (UK) Plc | B39: BANK OF IRELAND GROUP | C39: yes | D39: 2026-01-01 to 2026-06-30 | E39: 1745 | G39: 754 | H39: 43 | J39: 2542
A40: Bank of Scotland plc | B40: LLOYDS BANKING GROUP PLC | C40: no | D40: 2026-01-01 to 2026-06-30 | E40: 76346 | F40: 4 | G40: 13076 | H40: 216 | I40: 28 | J40: 89670
A41: Barclays Bank Plc | B41: BARCLAYS GROUP | C41: no | D41: 2026-01-01 to 2026-06-30 | E41: 10202 | F41: 56 | G41: 1 | I41: 1225 | J41: 11484
A42: Barclays Bank UK PLC | B42: BARCLAYS GROUP | C42: no | D42: 2026-01-01 to 2026-06-30 | E42: 84465 | F42: 3 | G42: 5398 | H42: 269 | I42: 21 | J42: 90156
A43: Bennetts Motorcycling Services Limited | B43: NO GROUP | C43: no | D43: 2026-01-01 to 2026-06-30 | H43: 574 | J43: 574
A44: BISL Limited | B44: MARKERSTUDY GROUP | C44: no | D44: 2026-01-01 to 2026-06-30 | H44: 13900 | J44: 13900
A45: British Gas Services Limited | B45: BRITISH GAS | C45: yes | D45: 2026-01-01 to 2026-06-30 | H45: 48455 | J45: 48455
A46: BUPA Insurance Services Limited | B46: BUPA GROUP | C46: yes | D46: 2026-01-01 to 2026-06-30 | H46: 28368 | J46: 28368
A47: Cabot Credit Management Group Limited | B47: ENCORE CAPITAL GROUP | C47: no | D47: 2026-01-01 to 2026-06-30 | G47: 22 | J47: 22
A48: CALL ASSIST LIMITED | B48: NO GROUP | C48: no | D48: 2025-11-01 to 2026-04-30 | H48: 748 | J48: 748
A49: Capital One (Europe) plc | B49: CAPITAL ONE FINANCIAL CORPORATION | C49: no | D49: 2026-01-01 to 2026-06-30 | E49: 26805 | H49: 8 | J49: 26813
A50: Car Care Plan Limited | B50: NO GROUP | C50: yes | D50: 2026-01-01 to 2026-06-30 | H50: 901 | J50: 901
A51: Carfinance247 Limited | B51: 247 MONEY GROUP | C51: no | D51: 2026-01-01 to 2026-06-30 | H51: 213 | J51: 213
A52: CAROLE NASH INSURANCE CONSULTANTS LIMITED | B52: MARKERSTUDY GROUP | C52: no | D52: 2026-01-01 to 2026-06-30 | H52: 2167 | J52: 2167
A53: Castelan Limited | B53: CASTELAN GROUP | C53: no | D53: 2025-10-01 to 2026-03-31 | H53: 854 | J53: 854
A54: Charter Court Financial Services Limited | B54: CHARTER COURT FINANCIAL SERVICES GROUP PLC | C54: no | D54: 2026-01-01 to 2026-06-30 | E54: 837 | G54: 959 | J54: 1796
A55: Chubb European Group SE | B55: CHUBB LIMITED | C55: no | D55: 2026-01-01 to 2026-06-30 | H55: 4928 | J55: 4928
A56: ClearBank Limited | B56: CLEARBANK GROUP | C56: no | D56: 2026-01-01 to 2026-06-30 | E56: 4366 | J56: 4366
A57: Close Brothers Limited | B57: CLOSE BROTHERS GROUP PLC | C57: no | D57: 2025-08-01 to 2026-01-31 | E57: 199 | H57: 1 | J57: 200
A58: Cofunds Limited | B58: AEGON N.V. | C58: no | D58: 2026-01-01 to 2026-06-30 | F58: 95 | I58: 687 | J58: 782
A59: COMPLETE COVER GROUP LIMITED | B59: COMPLETE COVER GROUP | C59: no | D59: 2026-01-01 to 2026-06-30 | H59: 678 | J59: 678
A60: Computershare Investor Services Plc | B60: NO GROUP | C60: no | D60: 2026-01-01 to 2026-06-30 | I60: 499 | J60: 499
A61: Connells Limited | B61: SKIPTON BUILDING SOCIETY | C61: no | D61: 2026-01-01 to 2026-06-30 | G61: 434 | H61: 147 | J61: 581
A62: Countrywide Assured Plc | B62: CHESNARA PLC | C62: no | D62: 2026-01-01 to 2026-06-30 | F62: 502 | H62: 274 | I62: 90 | J62: 866
A63: Coutts & Company | B63: NATWEST GROUP | C63: no | D63: 2026-01-01 to 2026-06-30 | E63: 1488 | F63: 32 | G63: 108 | H63: 13 | I63: 78 | J63: 1719
A64: Covea Insurance plc | B64: COVEA GROUP | C64: yes | D64: 2026-01-01 to 2026-06-30 | H64: 2676 | J64: 2676
A65: Coventry Building Society | B65: COVENTRY BUILDING SOCIETY | C65: yes | D65: 2026-01-01 to 2026-06-30 | E65: 3610 | G65: 706 | J65: 4316
A66: CREATION CONSUMER FINANCE LIMITED | B66: BNP PARIBAS GROUP | C66: no | D66: 2026-01-01 to 2026-06-30 | E66: 4768 | J66: 4768
A67: Cynergy Bank Plc | B67: CYNERGY CAPITAL LTD | C67: no | D67: 2026-01-01 to 2026-06-30 | E67: 520 | G67: 5 | J67: 525
A68: Digital Moneybox Limited | B68: NO GROUP | C68: no | D68: 2026-01-01 to 2026-06-30 | E68: 503 | F68: 33 | I68: 203 | J68: 739
A69: Domestic & General Insurance Plc | B69: DOMESTIC & GENERAL GROUP | C69: no | D69: 2025-10-01 to 2026-03-31 | H69: 72330 | J69: 72330
A70: Dual Corporate Risks Limited | B70: DUAL GROUP | C70: no | D70: 2026-01-01 to 2026-06-30 | H70: 613 | J70: 613
A71: EBS Pensions Limited | B71: LLOYDS BANKING GROUP PLC | C71: no | D71: 2026-01-01 to 2026-06-30 | E71: 0 | F71: 1113 | G71: 0 | H71: 0 | I71: 0 | J71: 1113
A72: Elderbridge Limited | B72: TECH MAHINDRA LIMITED | C72: no | D72: 2025-10-01 to 2026-03-31 | G72: 736 | H72: 1 | J72: 737
A73: Embark Investment Services Limited | B73: LLOYDS BANKING GROUP PLC | C73: no | D73: 2026-01-01 to 2026-06-30 | E73: 0 | F73: 386 | G73: 0 | H73: 0 | I73: 389 | J73: 775
A74: Embark Services Limited | B74: LLOYDS BANKING GROUP PLC | C74: no | D74: 2026-01-01 to 2026-06-30 | E74: 0 | F74: 831 | G74: 0 | H74: 0 | I74: 0 | J74: 831
A75: Equiniti Financial Services Limited | B75: EQUINITI GROUP PLC | C75: no | D75: 2026-01-01 to 2026-06-30 | F75: 17 | I75: 3018 | J75: 3035
A76: ERGO TRAVEL INSURANCE SERVICES LTD | B76: MUNICH RE | C76: no | D76: 2026-01-01 to 2026-06-30 | H76: 8372 | J76: 8372
A77: esure Insurance Limited | B77: AGEAS SA-NV | C77: no | D77: 2026-01-01 to 2026-06-30 | H77: 12496 | J77: 12496
A78: ETORO (UK) LIMITED | B78: ETORO GROUP LTD | C78: no | D78: 2026-01-01 to 2026-06-30 | I78: 620 | J78: 620
A79: EUI Limited | B79: ADMIRAL GROUP PLC | C79: yes | D79: 2026-01-01 to 2026-06-30 | H79: 64093 | J79: 64093
A80: Exeter Friendly Society Limited | B80: NO GROUP | C80: no | D80: 2026-01-01 to 2026-06-30 | H80: 1219 | J80: 1219
A81: Experian Limited | B81: EXPERIAN PLC | C81: no | D81: 2025-10-01 to 2026-03-31 | G81: 1 | H81: 3 | J81: 4
A82: Extracover Limited | B82: NO GROUP | C82: no | D82: 2026-01-01 to 2026-06-30 | H82: 2256 | J82: 2256
A83: Family Assurance Friendly Society Limited | B83: NO GROUP | C83: no | D83: 2026-01-01 to 2026-06-30 | F83: 1 | H83: 371 | I83: 437 | J83: 809
A84: Family Equity Plan Limited | B84: FAMILY ASSURANCE FRIENDLY SOCIETY LTD | C84: no | D84: 2026-01-01 to 2026-06-30 | E84: 676 | I84: 617 | J84: 1293
A85: FCE Bank Plc | B85: FORD MOTOR CO | C85: no | D85: 2026-01-01 to 2026-06-30 | E85: 153 | J85: 153
A86: FIL Life Insurance Limited | B86: FIDELITY INTERNATIONAL GROUP | C86: no | D86: 2026-01-01 to 2026-06-30 | F86: 477 | J86: 477
A87: Financial Administration Services Limited | B87: FIDELITY INTERNATIONAL GROUP | C87: no | D87: 2026-01-01 to 2026-06-30 | F87: 533 | I87: 981 | J87: 1514
A88: First Central Insurance Management Limited | B88: FIRST CENTRAL GROUP LIMITED | C88: no | D88: 2026-01-01 to 2026-06-30 | H88: 9685 | J88: 9685
A89: FirstRand Bank Limited | B89: FIRSTRAND LIMITED | C89: no | D89: 2026-01-01 to 2026-06-30 | H89: 4 | J89: 4
A90: Forester Life Limited | B90: FORSTERS FINANCIAL | C90: no | D90: 2026-01-01 to 2026-06-30 | F90: 24 | H90: 41 | I90: 548 | J90: 613
A91: Fortegra Europe Insurance Company Ltd | B91: TIPTREE INC | C91: no | D91: 2026-01-01 to 2026-06-30 | H91: 2950 | J91: 2950
A92: Freetrade Limited | B92: IG GROUP | C92: no | D92: 2026-01-01 to 2026-06-30 | F92: 81 | I92: 384 | J92: 465
A93: Funding Circle Ltd | B93: NO GROUP | C93: no | D93: 2026-01-01 to 2026-06-30 | I93: 5 | J93: 5
A94: Halifax Share Dealing Limited | B94: LLOYDS BANKING GROUP PLC | C94: no | D94: 2026-01-01 to 2026-06-30 | E94: 0 | F94: 73 | G94: 0 | H94: 0 | I94: 626 | J94: 699
A95: Hargreaves Lansdown Asset Management Limited | B95: HARGREAVES LANSDOWN LIMITED | C95: no | D95: 2026-01-01 to 2026-06-30 | F95: 2491 | I95: 7147 | J95: 9638
A96: Hastings Insurance Services Limited | B96: HASTINGS GROUP | C96: yes | D96: 2026-01-01 to 2026-06-30 | H96: 20992 | J96: 20992
A97: HELVETIA GLOBAL SOLUTIONS LTD | B97: HELVETIA GROUP | C97: no | D97: 2026-01-01 to 2026-06-30 | H97: 1102 | J97: 1102
A98: HERTS INSURANCE CONSULTANTS LIMITED | B98: NO GROUP | C98: no | D98: 2025-10-01 to 2026-03-31 | H98: 825 | J98: 825
A99: Highway Insurance Company Limited | B99: ALLIANZ GROUP | C99: no | D99: 2026-01-01 to 2026-06-30 | H99: 1036 | J99: 1036
A100: Hiscox Insurance Company Limited | B100: HISCOX GROUP | C100: yes | D100: 2026-01-01 to 2026-06-30 | H100: 541 | J100: 541
...

Sheet Consumer Credit
A1: Firm Name | B1: Group | C1: Joint Reporting | D1: Reporting frequency | E1: Reporting period | F1: Semester | G1: Complaints Received | H1: Complaints Closed | I1: Complaints upheld by firm
A2: ACI-UK LIMITED | B2: NO GROUP | C2: no | D2: Half Yearly | E2: 2025-10-01 to 2026-03-31 | F2: 2026 H1 | G2: 3037 | H2: 2881 | I2: 0.44151336
A3: ACORN INSURANCE AND FINANCIAL SERVICES LIMITED | B3: ACORN GROUP | C3: no | D3: Half Yearly | E3: 2026-01-01 to 2026-06-30 | F3: 2026 H1 | G3: 10 | H3: 12 | I3: 0.5
A4: Admiral Financial Services Limited | B4: ADMIRAL GROUP PLC | C4: no | D4: Half Yearly | E4: 2026-01-01 to 2026-06-30 | F4: 2026 H1 | G4: 1827 | H4: 1623 | I4: 0.25939618
A5: Adrian Flux Insurance Services Group | B5: NO GROUP | C5: no | D5: Half Yearly | E5: 2025-10-01 to 2026-03-31 | F5: 2026 H1 | G5: 20 | H5: 20 | I5: 0.2
A6: ADVANTAGE FINANCE LIMITED | B6: S&U PLC | C6: no | D6: Half Yearly | E6: 2025-08-01 to 2026-01-31 | F6: 2026 H1 | G6: 40513 | H6: 964 | I6: 0.33713693
A7: Advisory Insurance Brokers Limited | B7: ARDONAGH GROUP LIMITED | C7: no | D7: Half Yearly | E7: 2026-01-01 to 2026-06-30 | F7: 2026 H1 | G7: 9 | H7: 6 | I7: 0.33333333
A8: Ageas Retail Limited | B8: AGEAS SA-NV | C8: no | D8: Half Yearly | E8: 2026-01-01 to 2026-06-30 | F8: 2026 H1 | G8: 177 | H8: 159 | I8: 0.5408805
A9: Aioi Nissay Dowa Insurance UK Limited | B9: AIOI NISSAY DOWA EUROPE LIMITED | C9: no | D9: Half Yearly | E9: 2026-01-01 to 2026-06-30 | F9: 2026 H1 | G9: 42 | H9: 38 | I9: 0.36842105
A10: Ald Automotive Limited | B10: SOCIETY GENERALE GROUP | C10: no | D10: Half Yearly | E10: 2026-01-01 to 2026-06-30 | F10: 2026 H1 | G10: 5589 | H10: 12220 | I10: 0.099427169
A11: Aldermore Bank Plc | B11: FIRSTRAND LIMITED | C11: no | D11: Half Yearly | E11: 2026-01-01 to 2026-06-30 | F11: 2026 H1 | G11: 852 | H11: 86 | I11: 0.44186047
A12: ALPHABET (GB) LIMITED | B12: ALPHABET INTERNATIONAL GMBH | C12: no | D12: Half Yearly | E12: 2026-01-01 to 2026-06-30 | F12: 2026 H1 | G12: 1265 | H12: 2419 | I12: 0.15130219
A13: Arthur J. Gallagher Insurance Brokers Limited | B13: GALLAGHER GROUP | C13: yes | D13: Half Yearly | E13: 2026-01-01 to 2026-06-30 | F13: 2026 H1 | G13: 4 | H13: 4 | I13: 0.25
... A91: MARKS AND SPENCER FINANCIAL SERVICES PLC | B91: HSBC GROUP | C91: no | D91: Half Yearly | E91: 2026-01-01 to 2026-06-30 | F91: 2026 H1 | G91: 669 | H91: 650 | I91: 0.61230769
A92: MARSHMALLOW FINANCIAL SERVICES LIMITED | B92: MARSHMALLOW GROUP | C92: no | D92: Half Yearly | E92: 2026-01-01 to 2026-06-30 | F92: 2026 H1 | G92: 2 | I92: 0
A93: Mercedes-Benz Financial Services UK Limited | B93: MERCEDES-BENZ GROUP AG | C93: no | D93: Half Yearly | E93: 2026-01-01 to 2026-06-30 | F93: 2026 H1 | G93: 96671 | H93: 10244 | I93: 0.1616556
A94: Metro Bank PLC | B94: METRO BANK GROUP | C94: no | D94: Half Yearly | E94: 2026-01-01 to 2026-06-30 | F94: 2026 H1 | G94: 3225 | H94: 3131 | I94: 0.071223251
A95: MI Vehicle Finance Limited | B95: INVESTEC BANK PLC | C95: no | D95: Half Yearly | E95: 2025-10-01 to 2026-03-31 | F95: 2026 H1 | G95: 15710 | H95: 1779 | I95: 0.32715008
A96: Mitsubishi HC Capital UK PLC | B96: MITSUIBISHI HC CAPITAL INC | C96: no | D96: Half Yearly | E96: 2025-10-01 to 2026-03-31 | F96: 2026 H1 | G96: 7343 | H96: 7528 | I96: 0.19327843
A97: MONEYBARN NO.1 LIMITED | B97: VANQUIS BANKING GROUP | C97: no | D97: Half Yearly | E97: 2026-01-01 to 2026-06-30 | F97: 2026 H1 | G97: 70159 | H97: 6747 | I97: 0.31050837
A98: MONZO BANK LIMITED | B98: MONZO GROUP | C98: no | D98: Half Yearly | E98: 2025-10-01 to 2026-03-31 | F98: 2026 H1 | G98: 951 | H98: 1052 | I98: 0.1986692
A99: Moorcroft Debt Recovery Limited | B99: NO GROUP | C99: no | D99: Half Yearly | E99: 2025-08-01 to 2026-01-31 | F99: 2026 H1 | G99: 552 | H99: 473 | I99: 0.37420719
A100: Mortimer Clarke Solicitors Limited | B100: ENCORE CAPITAL GROUP | C100: no | D100: Half Yearly | E100: 2026-01-01 to 2026-06-30 | F100: 2026 H1 | G100: 750 | H100: 617 | I100: 0.15721232
A101: MotoNovo Finance Limited | B101: FIRSTRAND LIMITED | C101: no | D101: Half Yearly | E101: 2026-01-01 to 2026-06-30 | F101: 2026 H1 | G101: 80636 | H101: 6950 | I101: 0.56431655
A102: My Finance Club Limited | B102: NO GROUP | C102: no | D102: Half Yearly | E102: 2026-01-01 to 2026-06-30 | F102: 2026 H1 | G102: 1238 | H102: 897 | I102: 0.38573021
A103: N.I.I.B. Group Limited | B103: BANK OF IRELAND GROUP | C103: no | D103: Half Yearly | E103: 2026-01-01 to 2026-06-30 | F103: 2026 H1 | G103: 135461 | H103: 4996 | I103: 0.14891914
A104: NATIONAL WESTMINSTER BANK PUBLIC LIMITED COMPANY | B104: NATWEST GROUP | C104: no | D104: Half Yearly | E104: 2026-01-01 to 2026-06-30 | F104: 2026 H1 | G104: 7428 | H104: 7979 | I104: 0.51873668
... A159: Zopa Bank Limited | B159: ZOPA GROUP LIMITED | C159: no | D159: Half Yearly | E159: 2026-01-01 to 2026-06-30 | F159: 2026 H1 | G159: 14186 | H159: 4417 | I159: 0.41815712

Sheet Percentage within 3 days
A1: Firm Name | B1: Group | C1: Joint Reporting | D1: Reporting period | E1: Banking and credit cards | F1: Decumulation & pensions | G1: Home finance | H1: Insurance & pure protection | I1: Investments | J1: Grand Total
A2: 2GETHER INSURANCE LTD | B2: NO GROUP | C2: no | D2: 2025-10-01 to 2026-03-31 | H2: 0.9493 | J2: 0.9493
A3: Accord Mortgages Limited | B3: YORKSHIRE BUILDING SOCIETY | C3: no | D3: 2026-01-01 to 2026-06-30 | G3: 0.1036 | J3: 0.1036
A4: Accredited Insurance (Europe) Ltd | B4: ACCREDITED GROUP | C4: no | D4: 2026-01-01 to 2026-06-30 | H4: 0.2303 | J4: 0.2303
A5: ACORN INSURANCE AND FINANCIAL SERVICES LIMITED | B5: ACORN GROUP | C5: no | D5: 2026-01-01 to 2026-06-30 | H5: 0.3435 | J5: 0.3435
A6: Admiral Financial Services Limited | B6: ADMIRAL GROUP PLC | C6: no | D6: 2026-01-01 to 2026-06-30 | G6: 0.1111 | J6: 0.1111
A7: Adrian Flux Insurance Services Group | B7: NO GROUP | C7: no | D7: 2025-10-01 to 2026-03-31 | H7: 0.9422 | J7: 0.9422
A8: Advisory Insurance Brokers Limited | B8: ARDONAGH GROUP LIMITED | C8: no | D8: 2026-01-01 to 2026-06-30 | H8: 0.2353 | J8: 0.2353
A9: Ageas Insurance Limited | B9: AGEAS SA-NV | C9: no | D9: 2026-01-01 to 2026-06-30 | H9: 0.31 | J9: 0.31
A10: Ageas Retail Limited | B10: AGEAS SA-NV | C10: no | D10: 2026-01-01 to 2026-06-30 | H10: 0.6184 | J10: 0.6184
A11: Aioi Nissay Dowa Insurance UK Limited | B11: AIOI NISSAY DOWA EUROPE LIMITED | C11: yes | D11: 2026-01-01 to 2026-06-30 | H11: 0.1797 | J11: 0.1797
A12: AJ Bell Management Limited | B12: AJ BELL GROUP | C12: no | D12: 2025-10-01 to 2026-03-31 | F12: 0.3008 | J12: 0.3008
A13: AJ Bell Securities Limited | B13: AJ BELL GROUP | C13: no | D13: 2025-10-01 to 2026-03-31 | E13: 0.6111 | F13: 0.2733 | I13: 0.3319 | J13: 0.3235
A14: Aldermore Bank Plc | B14: FIRSTRAND LIMITED | C14: no | D14: 2026-01-01 to 2026-06-30 | E14: 0.7068 | G14: 0.3 | J14: 0.4993
A15: Allianz Insurance Plc | B15: ALLIANZ GROUP | C15: no | D15: 2026-01-01 to 2026-06-30 | H15: 0.22 | J15: 0.22
A16: ALLICA BANK LIMITED | B16: NO GROUP | C16: no | D16: 2026-01-01 to 2026-06-30 | E16: 0.0472 | J16: 0.0472
A17: AMERICAN EXPRESS SERVICES EUROPE LIMITED | B17: AMERICAN EXPRESS | C17: no | D17: 2026-01-01 to 2026-06-30 | E17: 0.1258 | H17: 0.1531 | J17: 0.1261
A18: AMERICAN INTERNATIONAL GROUP UK LIMITED | B18: AMERICAN INTERNATIONAL GROUP, INC. (AIG) | C18: no | D18: 2026-01-01 to 2026-06-30 | H18: 0.1228 | J18: 0.1228
A19: AmTrust Specialty Limited | B19: AMTRUST INTERNATIONAL | C19: no | D19: 2026-01-01 to 2026-06-30 | H19: 0.1002 | J19: 0.1002
A20: ANIMAL FRIENDS INSURANCE SERVICES LIMITED | B20: PINNACLE PET GROUP | C20: no | D20: 2026-01-01 to 2026-06-30 | H20: 0.293 | J20: 0.293
A21: Antares Insurance Company Limited | B21: QIC CAPITAL LLC | C21: no | D21: 2026-01-01 to 2026-06-30 | H21: 0.0577 | J21: 0.0577
A22: ARAG Legal Expenses Insurance Company Limited | B22: ARAG PLC | C22: no | D22: 2026-01-01 to 2026-06-30 | H22: 0.2571 | J22: 0.2571
A23: Arch Insurance (UK) Limited | B23: ARCH CAPITAL GROUP | C23: no | D23: 2026-01-01 to 2026-06-30 | H23: 0.0913 | J23: 0.0913
A24: Arthur J. Gallagher Insurance Brokers Limited | B24: GALLAGHER GROUP | C24: yes | D24: 2026-01-01 to 2026-06-30 | H24: 0.2407 | J24: 0.2407
A25: Assurant General Insurance Limited | B25: ASSURANT INC | C25: no | D25: 2026-01-01 to 2026-06-30 | H25: 0.7561 | J25: 0.7561
A26: Astrenska Insurance Limited | B26: COLLINSON GROUP | C26: no | D26: 2025-11-01 to 2026-04-30 | H26: 0.1442 | J26: 0.1442
A27: Asurion Europe Limited | B27: ASURION | C27: no | D27: 2026-01-01 to 2026-06-30 | H27: 0.3215 | J27: 0.3215
A28: Atlanta Insurance Intermediaries Limited | B28: MARKERSTUDY GROUP | C28: no | D28: 2026-01-01 to 2026-06-30 | H28: 0.6687 | J28: 0.6687
A29: Automobile Association Insurance Services Limited | B29: AUTOMOBILE ASSOCIATION (AA) | C29: no | D29: 2025-08-01 to 2026-01-31 | H29: 0.5359 | J29: 0.5359
A30: Avantia Insurance Limited | B30: AVANTIA GROUP | C30: no | D30: 2026-01-01 to 2026-06-30 | H30: 0.7739 | J30: 0.7739
A31: Aviva Administration Limited | B31: AVIVA PLC | C31: no | D31: 2026-01-01 to 2026-06-30 | F31: 0.2523 | G31: 0.2683 | H31: 0.2316 | I31: 0.1925 | J31: 0.2406
A32: Aviva Health UK Limited | B32: AVIVA PLC | C32: no | D32: 2026-01-01 to 2026-06-30 | H32: 0.4409 | J32: 0.4409
A33: Aviva Insurance Limited | B33: AVIVA PLC | C33: no | D33: 2026-01-01 to 2026-06-30 | H33: 0.3744 | J33: 0.3744
A34: AWP Assistance UK Ltd | B34: ALLIANZ GROUP | C34: yes | D34: 2026-01-01 to 2026-06-30 | H34: 0.1515 | J34: 0.1515
A35: AWP P&C S.A. | B35: ALLIANZ GROUP | C35: yes | D35: 2026-01-01 to 2026-06-30 | H35: 0.0955 | J35: 0.0955
A36: AXA Insurance Designated Activity Company | B36: AXA GROUP | C36: no | D36: 2026-01-01 to 2026-06-30 | H36: 0.7718 | J36: 0.7718
A37: AXA Insurance UK Plc | B37: AXA GROUP | C37: no | D37: 2026-01-01 to 2026-06-30 | H37: 0.3069 | J37: 0.3069
A38: AXA PPP Healthcare Limited | B38: AXA GROUP | C38: no | D38: 2026-01-01 to 2026-06-30 | H38: 0.5194 | J38: 0.5194
A39: Bank of Ireland (UK) Plc | B39: BANK OF IRELAND GROUP | C39: yes | D39: 2026-01-01 to 2026-06-30 | E39: 0.4688 | G39: 0.3475 | H39: 0.6047 | J39: 0.4351
A40: Bank of Scotland plc | B40: LLOYDS BANKING GROUP PLC | C40: no | D40: 2026-01-01 to 2026-06-30 | E40: 0.5622 | F40: 0 | G40: 0.3314 | H40: 0.2778 | I40: 0.0714 | J40: 0.5277
A41: Barclays Bank Plc | B41: BARCLAYS GROUP | C41: no | D41: 2026-01-01 to 2026-06-30 | E41: 0.7533 | F41: 0.3571 | I41: 0.2849 | J41: 0.7013
A42: Barclays Bank UK PLC | B42: BARCLAYS GROUP | C42: no | D42: 2026-01-01 to 2026-06-30 | E42: 0.5673 | F42: 0 | G42: 0.5243 | H42: 0.3792 | I42: 0.1429 | J42: 0.564
A43: Bennetts Motorcycling Services Limited | B43: NO GROUP | C43: no | D43: 2026-01-01 to 2026-06-30 | H43: 0.8049 | J43: 0.8049
A44: BISL Limited | B44: MARKERSTUDY GROUP | C44: no | D44: 2026-01-01 to 2026-06-30 | H44: 0.5835 | J44: 0.5835
A45: British Gas Services Limited | B45: BRITISH GAS | C45: yes | D45: 2026-01-01 to 2026-06-30 | H45: 0.6118 | J45: 0.6118
A46: BUPA Insurance Services Limited | B46: BUPA GROUP | C46: yes | D46: 2026-01-01 to 2026-06-30 | H46: 0.5507 | J46: 0.5507
A47: Cabot Credit Management Group Limited | B47: ENCORE CAPITAL GROUP | C47: no | D47: 2026-01-01 to 2026-06-30 | G47: 0.1364 | J47: 0.1364
A48: CALL ASSIST LIMITED | B48: NO GROUP | C48: no | D48: 2025-11-01 to 2026-04-30 | H48: 0.2687 | J48: 0.2687
A49: Capital One (Europe) plc | B49: CAPITAL ONE FINANCIAL CORPORATION | C49: no | D49: 2026-01-01 to 2026-06-30 | E49: 0.2448 | H49: 0 | J49: 0.2447
A50: Car Care Plan Limited | B50: NO GROUP | C50: yes | D50: 2026-01-01 to 2026-06-30 | H50: 0.5782 | J50: 0.5782
A51: Carfinance247 Limited | B51: 247 MONEY GROUP | C51: no | D51: 2026-01-01 to 2026-06-30 | H51: 0.1878 | J51: 0.1878
A52: CAROLE NASH INSURANCE CONSULTANTS LIMITED | B52: MARKERSTUDY GROUP | C52: no | D52: 2026-01-01 to 2026-06-30 | H52: 0.6327 | J52: 0.6327
A53: Castelan Limited | B53: CASTELAN GROUP | C53: no | D53: 2025-10-01 to 2026-03-31 | H53: 0.3138 | J53: 0.3138
A54: Charter Court Financial Services Limited | B54: CHARTER COURT FINANCIAL SERVICES GROUP PLC | C54: no | D54: 2026-01-01 to 2026-06-30 | E54: 0.5556 | G54: 0.244 | J54: 0.3892
A55: Chubb European Group SE | B55: CHUBB LIMITED | C55: no | D55: 2026-01-01 to 2026-06-30 | H55: 0.1869 | J55: 0.1869
A56: ClearBank Limited | B56: CLEARBANK GROUP | C56: no | D56: 2026-01-01 to 2026-06-30 | E56: 0.1974 | J56: 0.1974
A57: Close Brothers Limited | B57: CLOSE BROTHERS GROUP PLC | C57: no | D57: 2025-08-01 to 2026-01-31 | E57: 0.3367 | H57: 1 | J57: 0.34
A58: Cofunds Limited | B58: AEGON N.V. | C58: no | D58: 2026-01-01 to 2026-06-30 | F58: 0.2421 | I58: 0.2576 | J58: 0.2558
A59: COMPLETE COVER GROUP LIMITED | B59: COMPLETE COVER GROUP | C59: no | D59: 2026-01-01 to 2026-06-30 | H59: 0.4749 | J59: 0.4749
A60: Computershare Investor Services Plc | B60: NO GROUP | C60: no | D60: 2026-01-01 to 2026-06-30 | I60: 0.0481 | J60: 0.0481
A61: Connells Limited | B61: SKIPTON BUILDING SOCIETY | C61: no | D61: 2026-01-01 to 2026-06-30 | G61: 0.053 | H61: 0.068 | J61: 0.0568
A62: Countrywide Assured Plc | B62: CHESNARA PLC | C62: no | D62: 2026-01-01 to 2026-06-30 | F62: 0.3367 | H62: 0.1533 | I62: 0.1556 | J62: 0.2598
A63: Coutts & Company | B63: NATWEST GROUP | C63: no | D63: 2026-01-01 to 2026-06-30 | E63: 0.4745 | F63: 0.0625 | G63: 0.2222 | H63: 0.2308 | I63: 0.1154 | J63: 0.4328
A64: Covea Insurance plc | B64: COVEA GROUP | C64: yes | D64: 2026-01-01 to 2026-06-30 | H64: 0.1375 | J64: 0.1375
A65: Coventry Building Society | B65: COVENTRY BUILDING SOCIETY | C65: yes | D65: 2026-01-01 to 2026-06-30 | E65: 0.6247 | G65: 0.4986 | J65: 0.604
A66: CREATION CONSUMER FINANCE LIMITED | B66: BNP PARIBAS GROUP | C66: no | D66: 2026-01-01 to 2026-06-30 | E66: 0.0738 | J66: 0.0738
A67: Cynergy Bank Plc | B67: CYNERGY CAPITAL LTD | C67: no | D67: 2026-01-01 to 2026-06-30 | E67: 0.1077 | J67: 0.1067
A68: Digital Moneybox Limited | B68: NO GROUP | C68: no | D68: 2026-01-01 to 2026-06-30 | E68: 0.2584 | F68: 0.2121 | I68: 0.2217 | J68: 0.2463
A69: Domestic & General Insurance Plc | B69: DOMESTIC & GENERAL GROUP | C69: no | D69: 2025-10-01 to 2026-03-31 | H69: 0.6862 | J69: 0.6862
A70: Dual Corporate Risks Limited | B70: DUAL GROUP | C70: no | D70: 2026-01-01 to 2026-06-30 | H70: 0.248 | J70: 0.248
A71: EBS Pensions Limited | B71: LLOYDS BANKING GROUP PLC | C71: no | D71: 2026-01-01 to 2026-06-30 | F71: 0.0108 | J71: 0.0108
A72: Elderbridge Limited | B72: TECH MAHINDRA LIMITED | C72: no | D72: 2025-10-01 to 2026-03-31 | G72: 0.0245 | H72: 0 | J72: 0.0244
A73: Embark Investment Services Limited | B73: LLOYDS BANKING GROUP PLC | C73: no | D73: 2026-01-01 to 2026-06-30 | F73: 0.3472 | I73: 0.2494 | J73: 0.2981
A74: Embark Services Limited | B74: LLOYDS BANKING GROUP PLC | C74: no | D74: 2026-01-01 to 2026-06-30 | F74: 0.012 | J74: 0.012
A75: Equiniti Financial Services Limited | B75: EQUINITI GROUP PLC | C75: no | D75: 2026-01-01 to 2026-06-30 | F75: 0.0588 | I75: 0.4536 | J75: 0.4514
A76: ERGO TRAVEL INSURANCE SERVICES LTD | B76: MUNICH RE | C76: no | D76: 2026-01-01 to 2026-06-30 | H76: 0.3264 | J76: 0.3264
A77: esure Insurance Limited | B77: AGEAS SA-NV | C77: no | D77: 2026-01-01 to 2026-06-30 | H77: 0.4533 | J77: 0.4533
A78: ETORO (UK) LIMITED | B78: ETORO GROUP LTD | C78: no | D78: 2026-01-01 to 2026-06-30 | I78: 0.6532 | J78: 0.6532
A79: EUI Limited | B79: ADMIRAL GROUP PLC | C79: yes | D79: 2026-01-01 to 2026-06-30 | H79: 0.421 | J79: 0.421
A80: Exeter Friendly Society Limited | B80: NO GROUP | C80: no | D80: 2026-01-01 to 2026-06-30 | H80: 0.8614 | J80: 0.8614
A81: Experian Limited | B81: EXPERIAN PLC | C81: no | D81: 2025-10-01 to 2026-03-31 | G81: 0 | H81: 0.3333 | J81: 0.25
A82: Extracover Limited | B82: NO GROUP | C82: no | D82: 2026-01-01 to 2026-06-30 | H82: 0.2593 | J82: 0.2593
A83: Family Assurance Friendly Society Limited | B83: NO GROUP | C83: no | D83: 2026-01-01 to 2026-06-30 | H83: 0.4582 | I83: 0.3844 | J83: 0.4178
A84: Family Equity Plan Limited | B84: FAMILY ASSURANCE FRIENDLY SOCIETY LTD | C84: no | D84: 2026-01-01 to 2026-06-30 | E84: 0.4349 | I84: 0.3712 | J84: 0.4045
A85: FCE Bank Plc | B85: FORD MOTOR CO | C85: no | D85: 2026-01-01 to 2026-06-30 | E85: 0.8562 | J85: 0.8562
A86: FIL Life Insurance Limited | B86: FIDELITY INTERNATIONAL GROUP | C86: no | D86: 2026-01-01 to 2026-06-30 | F86: 0.1363 | J86: 0.1363
A87: Financial Administration Services Limited | B87: FIDELITY INTERNATIONAL GROUP | C87: no | D87: 2026-01-01 to 2026-06-30 | F87: 0.045 | I87: 0.0418 | J87: 0.0429
A88: First Central Insurance Management Limited | B88: FIRST CENTRAL GROUP LIMITED | C88: no | D88: 2026-01-01 to 2026-06-30 | H88: 0.591 | J88: 0.591
A89: Forester Life Limited | B89: FORSTERS FINANCIAL | C89: no | D89: 2026-01-01 to 2026-06-30 | F89: 0.2083 | H89: 0.4146 | I89: 0.4471 | J89: 0.4356
A90: Fortegra Europe Insurance Company Ltd | B90: TIPTREE INC | C90: no | D90: 2026-01-01 to 2026-06-30 | H90: 0.2312 | J90: 0.2312
A91: Freetrade Limited | B91: IG GROUP | C91: no | D91: 2026-01-01 to 2026-06-30 | F91: 0.0123 | I91: 0.013 | J91: 0.0129
A92: Halifax Share Dealing Limited | B92: LLOYDS BANKING GROUP PLC | C92: no | D92: 2026-01-01 to 2026-06-30 | F92: 0.4795 | I92: 0.7093 | J92: 0.6853
A93: Hargreaves Lansdown Asset Management Limited | B93: HARGREAVES LANSDOWN LIMITED | C93: no | D93: 2026-01-01 to 2026-06-30 | F93: 0.1534 | I93: 0.2341 | J93: 0.2132
A94: Hastings Insurance Services Limited | B94: HASTINGS GROUP | C94: yes | D94: 2026-01-01 to 2026-06-30 | H94: 0.2988 | J94: 0.2988
A95: HELVETIA GLOBAL SOLUTIONS LTD | B95: HELVETIA GROUP | C95: no | D95: 2026-01-01 to 2026-06-30 | H95: 0.1016 | J95: 0.1016
A96: HERTS INSURANCE CONSULTANTS LIMITED | B96: NO GROUP | C96: no | D96: 2025-10-01 to 2026-03-31 | H96: 0.2303 | J96: 0.2303
A97: Highway Insurance Company Limited | B97: ALLIANZ GROUP | C97: no | D97: 2026-01-01 to 2026-06-30 | H97: 0.2664 | J97: 0.2664
A98: Hiscox Insurance Company Limited | B98: HISCOX GROUP | C98: yes | D98: 2026-01-01 to 2026-06-30 | H98: 0.1091 | J98: 0.1091
A99: Homeserve Membership Limited | B99: HOMESERVE GROUP | C99: no | D99: 2026-01-01 to 2026-06-30 | H99: 0.5316 | J99: 0.5316
A100: Hood Travel Limited | B100: HOOD GROUP | C100: no | D100: 2026-01-01 to 2026-06-30 | H100: 0.4752 | J100: 0.4752
...

Sheet Percentage after 3 days, within
A1: Firm Name | B1: Group | C1: Joint Reporting | D1: Reporting period | E1: Banking and credit cards | F1: Decumulation & pensions | G1: Home finance | H1: Insurance & pure protection | I1: Investments | J1: Grand Total
A2: 2GETHER INSURANCE LTD | B2: NO GROUP | C2: no | D2: 2025-10-01 to 2026-03-31 | H2: 0.0507 | J2: 0.0507
A3: Accord Mortgages Limited | B3: YORKSHIRE BUILDING SOCIETY | C3: no | D3: 2026-01-01 to 2026-06-30 | G3: 0.877 | J3: 0.877
A4: Accredited Insurance (Europe) Ltd | B4: ACCREDITED GROUP | C4: no | D4: 2026-01-01 to 2026-06-30 | H4: 0.7165 | J4: 0.7165
A5: ACORN INSURANCE AND FINANCIAL SERVICES LIMITED | B5: ACORN GROUP | C5: no | D5: 2026-01-01 to 2026-06-30 | H5: 0.6565 | J5: 0.6565
A6: Admiral Financial Services Limited | B6: ADMIRAL GROUP PLC | C6: no | D6: 2026-01-01 to 2026-06-30 | G6: 0.8889 | J6: 0.8889
A7: Adrian Flux Insurance Services Group | B7: NO GROUP | C7: no | D7: 2025-10-01 to 2026-03-31 | H7: 0.0558 | J7: 0.0558
A8: Advisory Insurance Brokers Limited | B8: ARDONAGH GROUP LIMITED | C8: no | D8: 2026-01-01 to 2026-06-30 | H8: 0.6686 | J8: 0.6686
A9: Ageas Insurance Limited | B9: AGEAS SA-NV | C9: no | D9: 2026-01-01 to 2026-06-30 | H9: 0.6354 | J9: 0.6354
A10: Ageas Retail Limited | B10: AGEAS SA-NV | C10: no | D10: 2026-01-01 to 2026-06-30 | H10: 0.3692 | J10: 0.3692
A11: Aioi Nissay Dowa Insurance UK Limited | B11: AIOI NISSAY DOWA EUROPE LIMITED | C11: yes | D11: 2026-01-01 to 2026-06-30 | H11: 0.8028 | J11: 0.8028
A12: AJ Bell Management Limited | B12: AJ BELL GROUP | C12: no | D12: 2025-10-01 to 2026-03-31 | F12: 0.6992 | J12: 0.6992
A13: AJ Bell Securities Limited | B13: AJ BELL GROUP | C13: no | D13: 2025-10-01 to 2026-03-31 | E13: 0.3889 | F13: 0.7267 | I13: 0.6672 | J13: 0.6758
A14: Aldermore Bank Plc | B14: FIRSTRAND LIMITED | C14: no | D14: 2026-01-01 to 2026-06-30 | E14: 0.1767 | G14: 0.4329 | J14: 0.3074
A15: Allianz Insurance Plc | B15: ALLIANZ GROUP | C15: no | D15: 2026-01-01 to 2026-06-30 | H15: 0.7664 | J15: 0.7664
A16: ALLICA BANK LIMITED | B16: NO GROUP | C16: no | D16: 2026-01-01 to 2026-06-30 | E16: 0.9089 | J16: 0.9089
A17: AMERICAN EXPRESS SERVICES EUROPE LIMITED | B17: AMERICAN EXPRESS | C17: no | D17: 2026-01-01 to 2026-06-30 | E17: 0.8737 | H17: 0.8373 | J17: 0.8733
A18: AMERICAN INTERNATIONAL GROUP UK LIMITED | B18: AMERICAN INTERNATIONAL GROUP, INC. (AIG) | C18: no | D18: 2026-01-01 to 2026-06-30 | H18: 0.8707 | J18: 0.8707
A19: AmTrust Specialty Limited | B19: AMTRUST INTERNATIONAL | C19: no | D19: 2026-01-01 to 2026-06-30 | H19: 0.8541 | J19: 0.8541
A20: ANIMAL FRIENDS INSURANCE SERVICES LIMITED | B20: PINNACLE PET GROUP | C20: no | D20: 2026-01-01 to 2026-06-30 | H20: 0.7047 | J20: 0.7047
A21: Antares Insurance Company Limited | B21: QIC CAPITAL LLC | C21: no | D21: 2026-01-01 to 2026-06-30 | H21: 0.9413 | J21: 0.9413
A22: ARAG Legal Expenses Insurance Company Limited | B22: ARAG PLC | C22: no | D22: 2026-01-01 to 2026-06-30 | H22: 0.6835 | J22: 0.6835
A23: Arch Insurance (UK) Limited | B23: ARCH CAPITAL GROUP | C23: no | D23: 2026-01-01 to 2026-06-30 | H23: 0.8242 | J23: 0.8242
A24: Arthur J. Gallagher Insurance Brokers Limited | B24: GALLAGHER GROUP | C24: yes | D24: 2026-01-01 to 2026-06-30 | H24: 0.7396 | J24: 0.7396
A25: Assurant General Insurance Limited | B25: ASSURANT INC | C25: no | D25: 2026-01-01 to 2026-06-30 | H25: 0.234 | J25: 0.234
A26: Astrenska Insurance Limited | B26: COLLINSON GROUP | C26: no | D26: 2025-11-01 to 2026-04-30 | H26: 0.7958 | J26: 0.7958
A27: Asurion Europe Limited | B27: ASURION | C27: no | D27: 2026-01-01 to 2026-06-30 | H27: 0.6785 | J27: 0.6785
A28: Atlanta Insurance Intermediaries Limited | B28: MARKERSTUDY GROUP | C28: no | D28: 2026-01-01 to 2026-06-30 | H28: 0.3303 | J28: 0.3303
A29: Automobile Association Insurance Services Limited | B29: AUTOMOBILE ASSOCIATION (AA) | C29: no | D29: 2025-08-01 to 2026-01-31 | H29: 0.3861 | J29: 0.3861
A30: Avantia Insurance Limited | B30: AVANTIA GROUP | C30: no | D30: 2026-01-01 to 2026-06-30 | H30: 0.2242 | J30: 0.2242
A31: Aviva Administration Limited | B31: AVIVA PLC | C31: no | D31: 2026-01-01 to 2026-06-30 | F31: 0.6319 | G31: 0.691 | H31: 0.6088 | I31: 0.6502 | J31: 0.6306
A32: Aviva Health UK Limited | B32: AVIVA PLC | C32: no | D32: 2026-01-01 to 2026-06-30 | H32: 0.5462 | J32: 0.5462
A33: Aviva Insurance Limited | B33: AVIVA PLC | C33: no | D33: 2026-01-01 to 2026-06-30 | H33: 0.6021 | J33: 0.6021
A34: AWP Assistance UK Ltd | B34: ALLIANZ GROUP | C34: yes | D34: 2026-01-01 to 2026-06-30 | H34: 0.8379 | J34: 0.8379
A35: AWP P&C S.A. | B35: ALLIANZ GROUP | C35: yes | D35: 2026-01-01 to 2026-06-30 | H35: 0.8877 | J35: 0.8877
A36: AXA Insurance Designated Activity Company | B36: AXA GROUP | C36: no | D36: 2026-01-01 to 2026-06-30 | H36: 0.1951 | J36: 0.1951
A37: AXA Insurance UK Plc | B37: AXA GROUP | C37: no | D37: 2026-01-01 to 2026-06-30 | H37: 0.6165 | J37: 0.6165
A38: AXA PPP Healthcare Limited | B38: AXA GROUP | C38: no | D38: 2026-01-01 to 2026-06-30 | H38: 0.4678 | J38: 0.4678
A39: Bank of Ireland (UK) Plc | B39: BANK OF IRELAND GROUP | C39: yes | D39: 2026-01-01 to 2026-06-30 | E39: 0.5072 | G39: 0.5981 | H39: 0.3721 | J39: 0.5319
A40: Bank of Scotland plc | B40: LLOYDS BANKING GROUP PLC | C40: no | D40: 2026-01-01 to 2026-06-30 | E40: 0.2979 | F40: 0.75 | G40: 0.6318 | H40: 0.6713 | I40: 0.7143 | J40: 0.3476
A41: Barclays Bank Plc | B41: BARCLAYS GROUP | C41: no | D41: 2026-01-01 to 2026-06-30 | E41: 0.2215 | F41: 0.5893 | G41: 1 | I41: 0.671 | J41: 0.2713
A42: Barclays Bank UK PLC | B42: BARCLAYS GROUP | C42: no | D42: 2026-01-01 to 2026-06-30 | E42: 0.4257 | F42: 1 | G42: 0.4672 | H42: 0.5093 | I42: 0.8095 | J42: 0.4285
A43: Bennetts Motorcycling Services Limited | B43: NO GROUP | C43: no | D43: 2026-01-01 to 2026-06-30 | H43: 0.1951 | J43: 0.1951
A44: BISL Limited | B44: MARKERSTUDY GROUP | C44: no | D44: 2026-01-01 to 2026-06-30 | H44: 0.4155 | J44: 0.4155
A45: British Gas Services Limited | B45: BRITISH GAS | C45: yes | D45: 2026-01-01 to 2026-06-30 | H45: 0.3076 | J45: 0.3076
A46: BUPA Insurance Services Limited | B46: BUPA GROUP | C46: yes | D46: 2026-01-01 to 2026-06-30 | H46: 0.4455 | J46: 0.4455
A47: Cabot Credit Management Group Limited | B47: ENCORE CAPITAL GROUP | C47: no | D47: 2026-01-01 to 2026-06-30 | G47: 0.8182 | J47: 0.8182
A48: CALL ASSIST LIMITED | B48: NO GROUP | C48: no | D48: 2025-11-01 to 2026-04-30 | H48: 0.7313 | J48: 0.7313
A49: Capital One (Europe) plc | B49: CAPITAL ONE FINANCIAL CORPORATION | C49: no | D49: 2026-01-01 to 2026-06-30 | E49: 0.7444 | H49: 1 | J49: 0.7445
A50: Car Care Plan Limited | B50: NO GROUP | C50: yes | D50: 2026-01-01 to 2026-06-30 | H50: 0.4218 | J50: 0.4218
A51: Carfinance247 Limited | B51: 247 MONEY GROUP | C51: no | D51: 2026-01-01 to 2026-06-30 | H51: 0.2113 | J51: 0.2113
A52: CAROLE NASH INSURANCE CONSULTANTS LIMITED | B52: MARKERSTUDY GROUP | C52: no | D52: 2026-01-01 to 2026-06-30 | H52: 0.3669 | J52: 0.3669
A53: Castelan Limited | B53: CASTELAN GROUP | C53: no | D53: 2025-10-01 to 2026-03-31 | H53: 0.6803 | J53: 0.6803
A54: Charter Court Financial Services Limited | B54: CHARTER COURT FINANCIAL SERVICES GROUP PLC | C54: no | D54: 2026-01-01 to 2026-06-30 | E54: 0.4432 | G54: 0.7518 | J54: 0.608
A55: Chubb European Group SE | B55: CHUBB LIMITED | C55: no | D55: 2026-01-01 to 2026-06-30 | H55: 0.795 | J55: 0.795
A56: ClearBank Limited | B56: CLEARBANK GROUP | C56: no | D56: 2026-01-01 to 2026-06-30 | E56: 0.7955 | J56: 0.7955
A57: Close Brothers Limited | B57: CLOSE BROTHERS GROUP PLC | C57: no | D57: 2025-08-01 to 2026-01-31 | E57: 0.6633 | H57: 0 | J57: 0.66
A58: Cofunds Limited | B58: AEGON N.V. | C58: no | D58: 2026-01-01 to 2026-06-30 | F58: 0.6842 | I58: 0.7074 | J58: 0.7046
A59: COMPLETE COVER GROUP LIMITED | B59: COMPLETE COVER GROUP | C59: no | D59: 2026-01-01 to 2026-06-30 | H59: 0.5236 | J59: 0.5236
A60: Computershare Investor Services Plc | B60: NO GROUP | C60: no | D60: 2026-01-01 to 2026-06-30 | I60: 0.7355 | J60: 0.7355
A61: Connells Limited | B61: SKIPTON BUILDING SOCIETY | C61: no | D61: 2026-01-01 to 2026-06-30 | G61: 0.9424 | H61: 0.9116 | J61: 0.9346
A62: Countrywide Assured Plc | B62: CHESNARA PLC | C62: no | D62: 2026-01-01 to 2026-06-30 | F62: 0.4124 | H62: 0.5219 | I62: 0.5889 | J62: 0.4654
A63: Coutts & Company | B63: NATWEST GROUP | C63: no | D63: 2026-01-01 to 2026-06-30 | E63: 0.5134 | F63: 0.625 | G63: 0.6481 | H63: 0.7692 | I63: 0.8205 | J63: 0.5398
A64: Covea Insurance plc | B64: COVEA GROUP | C64: yes | D64: 2026-01-01 to 2026-06-30 | H64: 0.7724 | J64: 0.7724
A65: Coventry Building Society | B65: COVENTRY BUILDING SOCIETY | C65: yes | D65: 2026-01-01 to 2026-06-30 | E65: 0.3753 | G65: 0.5014 | J65: 0.396
A66: CREATION CONSUMER FINANCE LIMITED | B66: BNP PARIBAS GROUP | C66: no | D66: 2026-01-01 to 2026-06-30 | E66: 0.7781 | J66: 0.7781
A67: Cynergy Bank Plc | B67: CYNERGY CAPITAL LTD | C67: no | D67: 2026-01-01 to 2026-06-30 | E67: 0.8904 | G67: 1 | J67: 0.8914
A68: Digital Moneybox Limited | B68: NO GROUP | C68: no | D68: 2026-01-01 to 2026-06-30 | E68: 0.7396 | F68: 0.7879 | I68: 0.7783 | J68: 0.7524
A69: Domestic & General Insurance Plc | B69: DOMESTIC & GENERAL GROUP | C69: no | D69: 2025-10-01 to 2026-03-31 | H69: 0.307 | J69: 0.307
A70: Dual Corporate Risks Limited | B70: DUAL GROUP | C70: no | D70: 2026-01-01 to 2026-06-30 | H70: 0.6868 | J70: 0.6868
A71: EBS Pensions Limited | B71: LLOYDS BANKING GROUP PLC | C71: no | D71: 2026-01-01 to 2026-06-30 | F71: 0.3621 | J71: 0.3621
A72: Elderbridge Limited | B72: TECH MAHINDRA LIMITED | C72: no | D72: 2025-10-01 to 2026-03-31 | G72: 0.8071 | H72: 1 | J72: 0.8073
A73: Embark Investment Services Limited | B73: LLOYDS BANKING GROUP PLC | C73: no | D73: 2026-01-01 to 2026-06-30 | F73: 0.5959 | I73: 0.6812 | J73: 0.6387
A74: Embark Services Limited | B74: LLOYDS BANKING GROUP PLC | C74: no | D74: 2026-01-01 to 2026-06-30 | F74: 0.296 | J74: 0.296
A75: Equiniti Financial Services Limited | B75: EQUINITI GROUP PLC | C75: no | D75: 2026-01-01 to 2026-06-30 | F75: 0.9412 | I75: 0.5441 | J75: 0.5463
A76: ERGO TRAVEL INSURANCE SERVICES LTD | B76: MUNICH RE | C76: no | D76: 2026-01-01 to 2026-06-30 | H76: 0.6037 | J76: 0.6037
A77: esure Insurance Limited | B77: AGEAS SA-NV | C77: no | D77: 2026-01-01 to 2026-06-30 | H77: 0.4913 | J77: 0.4913
A78: ETORO (UK) LIMITED | B78: ETORO GROUP LTD | C78: no | D78: 2026-01-01 to 2026-06-30 | I78: 0.3435 | J78: 0.3435
A79: EUI Limited | B79: ADMIRAL GROUP PLC | C79: yes | D79: 2026-01-01 to 2026-06-30 | H79: 0.5151 | J79: 0.5151
A80: Exeter Friendly Society Limited | B80: NO GROUP | C80: no | D80: 2026-01-01 to 2026-06-30 | H80: 0.1247 | J80: 0.1247
A81: Experian Limited | B81: EXPERIAN PLC | C81: no | D81: 2025-10-01 to 2026-03-31 | G81: 1 | H81: 0.6667 | J81: 0.75
A82: Extracover Limited | B82: NO GROUP | C82: no | D82: 2026-01-01 to 2026-06-30 | H82: 0.7371 | J82: 0.7371
A83: Family Assurance Friendly Society Limited | B83: NO GROUP | C83: no | D83: 2026-01-01 to 2026-06-30 | F83: 1 | H83: 0.5391 | I83: 0.6156 | J83: 0.581
A84: Family Equity Plan Limited | B84: FAMILY ASSURANCE FRIENDLY SOCIETY LTD | C84: no | D84: 2026-01-01 to 2026-06-30 | E84: 0.5651 | I84: 0.6288 | J84: 0.5955
A85: FCE Bank Plc | B85: FORD MOTOR CO | C85: no | D85: 2026-01-01 to 2026-06-30 | E85: 0.1438 | J85: 0.1438
A86: FIL Life Insurance Limited | B86: FIDELITY INTERNATIONAL GROUP | C86: no | D86: 2026-01-01 to 2026-06-30 | F86: 0.7065 | J86: 0.7065
A87: Financial Administration Services Limited | B87: FIDELITY INTERNATIONAL GROUP | C87: no | D87: 2026-01-01 to 2026-06-30 | F87: 0.4315 | I87: 0.4047 | J87: 0.4141
A88: First Central Insurance Management Limited | B88: FIRST CENTRAL GROUP LIMITED | C88: no | D88: 2026-01-01 to 2026-06-30 | H88: 0.3864 | J88: 0.3864
A89: FirstRand Bank Limited | B89: FIRSTRAND LIMITED | C89: no | D89: 2026-01-01 to 2026-06-30 | H89: 1 | J89: 1
A90: Forester Life Limited | B90: FORSTERS FINANCIAL | C90: no | D90: 2026-01-01 to 2026-06-30 | F90: 0.75 | H90: 0.5854 | I90: 0.5511 | J90: 0.5612
A91: Fortegra Europe Insurance Company Ltd | B91: TIPTREE INC | C91: no | D91: 2026-01-01 to 2026-06-30 | H91: 0.7458 | J91: 0.7458
A92: Freetrade Limited | B92: IG GROUP | C92: no | D92: 2026-01-01 to 2026-06-30 | F92: 0.9506 | I92: 0.9661 | J92: 0.9634
A93: Funding Circle Ltd | B93: NO GROUP | C93: no | D93: 2026-01-01 to 2026-06-30 | I93: 0.8 | J93: 0.8
A94: Halifax Share Dealing Limited | B94: LLOYDS BANKING GROUP PLC | C94: no | D94: 2026-01-01 to 2026-06-30 | F94: 0.5205 | I94: 0.2907 | J94: 0.3147
A95: Hargreaves Lansdown Asset Management Limited | B95: HARGREAVES LANSDOWN LIMITED | C95: no | D95: 2026-01-01 to 2026-06-30 | F95: 0.8302 | I95: 0.7553 | J95: 0.7746
A96: Hastings Insurance Services Limited | B96: HASTINGS GROUP | C96: yes | D96: 2026-01-01 to 2026-06-30 | H96: 0.6635 | J96: 0.6635
A97: HELVETIA GLOBAL SOLUTIONS LTD | B97: HELVETIA GROUP | C97: no | D97: 2026-01-01 to 2026-06-30 | H97: 0.8838 | J97: 0.8838
A98: HERTS INSURANCE CONSULTANTS LIMITED | B98: NO GROUP | C98: no | D98: 2025-10-01 to 2026-03-31 | H98: 0.7503 | J98: 0.7503
A99: Highway Insurance Company Limited | B99: ALLIANZ GROUP | C99: no | D99: 2026-01-01 to 2026-06-30 | H99: 0.6091 | J99: 0.6091
A100: Hiscox Insurance Company Limited | B100: HISCOX GROUP | C100: yes | D100: 2026-01-01 to 2026-06-30 | H100: 0.8854 | J100: 0.8854
...

Sheet Percentage upheld
A1: Firm Name | B1: Group | C1: Joint Reporting | D1: Reporting period | E1: Banking and credit cards | F1: Decumulation & pensions | G1: Home finance | H1: Insurance & pure protection | I1: Investments | J1: Grand Total
A2: 2GETHER INSURANCE LTD | B2: NO GROUP | C2: no | D2: 2025-10-01 to 2026-03-31 | H2: 0.3605 | J2: 0.3605
A3: Accord Mortgages Limited | B3: YORKSHIRE BUILDING SOCIETY | C3: no | D3: 2026-01-01 to 2026-06-30 | G3: 0.7058 | J3: 0.7058
A4: Accredited Insurance (Europe) Ltd | B4: ACCREDITED GROUP | C4: no | D4: 2026-01-01 to 2026-06-30 | H4: 0.4354 | J4: 0.4354
A5: ACORN INSURANCE AND FINANCIAL SERVICES LIMITED | B5: ACORN GROUP | C5: no | D5: 2026-01-01 to 2026-06-30 | H5: 0.4135 | J5: 0.4135
A6: Admiral Financial Services Limited | B6: ADMIRAL GROUP PLC | C6: no | D6: 2026-01-01 to 2026-06-30 | G6: 0.3889 | J6: 0.3889
A7: Adrian Flux Insurance Services Group | B7: NO GROUP | C7: no | D7: 2025-10-01 to 2026-03-31 | H7: 0.2069 | J7: 0.2069
A8: Advisory Insurance Brokers Limited | B8: ARDONAGH GROUP LIMITED | C8: no | D8: 2026-01-01 to 2026-06-30 | H8: 0.6098 | J8: 0.6098
A9: Ageas Insurance Limited | B9: AGEAS SA-NV | C9: no | D9: 2026-01-01 to 2026-06-30 | H9: 0.5413 | J9: 0.5413
A10: Ageas Retail Limited | B10: AGEAS SA-NV | C10: no | D10: 2026-01-01 to 2026-06-30 | H10: 0.4914 | J10: 0.4914
A11: Aioi Nissay Dowa Insurance UK Limited | B11: AIOI NISSAY DOWA EUROPE LIMITED | C11: yes | D11: 2026-01-01 to 2026-06-30 | H11: 0.3567 | J11: 0.3567
A12: AJ Bell Management Limited | B12: AJ BELL GROUP | C12: no | D12: 2025-10-01 to 2026-03-31 | F12: 0.5695 | J12: 0.5695
A13: AJ Bell Securities Limited | B13: AJ BELL GROUP | C13: no | D13: 2025-10-01 to 2026-03-31 | E13: 0.6111 | F13: 0.4233 | I13: 0.4372 | J13: 0.4365
A14: Aldermore Bank Plc | B14: FIRSTRAND LIMITED | C14: no | D14: 2026-01-01 to 2026-06-30 | E14: 0.6644 | G14: 0.7526 | J14: 0.7094
A15: Allianz Insurance Plc | B15: ALLIANZ GROUP | C15: no | D15: 2026-01-01 to 2026-06-30 | H15: 0.6189 | J15: 0.6189
A16: ALLICA BANK LIMITED | B16: NO GROUP | C16: no | D16: 2026-01-01 to 2026-06-30 | E16: 0.4435 | J16: 0.4435
A17: AMERICAN EXPRESS SERVICES EUROPE LIMITED | B17: AMERICAN EXPRESS | C17: no | D17: 2026-01-01 to 2026-06-30 | E17: 0.3177 | H17: 0.1148 | J17: 0.3156
A18: AMERICAN INTERNATIONAL GROUP UK LIMITED | B18: AMERICAN INTERNATIONAL GROUP, INC. (AIG) | C18: no | D18: 2026-01-01 to 2026-06-30 | H18: 0.4728 | J18: 0.4728
A19: AmTrust Specialty Limited | B19: AMTRUST INTERNATIONAL | C19: no | D19: 2026-01-01 to 2026-06-30 | H19: 0.4449 | J19: 0.4449
A20: ANIMAL FRIENDS INSURANCE SERVICES LIMITED | B20: PINNACLE PET GROUP | C20: no | D20: 2026-01-01 to 2026-06-30 | H20: 0.5705 | J20: 0.5705
A21: Antares Insurance Company Limited | B21: QIC CAPITAL LLC | C21: no | D21: 2026-01-01 to 2026-06-30 | H21: 0.4961 | J21: 0.4961
A22: ARAG Legal Expenses Insurance Company Limited | B22: ARAG PLC | C22: no | D22: 2026-01-01 to 2026-06-30 | H22: 0.5575 | J22: 0.5575
A23: Arch Insurance (UK) Limited | B23: ARCH CAPITAL GROUP | C23: no | D23: 2026-01-01 to 2026-06-30 | H23: 0.5708 | J23: 0.5708
A24: Arthur J. Gallagher Insurance Brokers Limited | B24: GALLAGHER GROUP | C24: yes | D24: 2026-01-01 to 2026-06-30 | H24: 0.6411 | J24: 0.6411
A25: Assurant General Insurance Limited | B25: ASSURANT INC | C25: no | D25: 2026-01-01 to 2026-06-30 | H25: 0.3923 | J25: 0.3923
A26: Astrenska Insurance Limited | B26: COLLINSON GROUP | C26: no | D26: 2025-11-01 to 2026-04-30 | H26: 0.6283 | J26: 0.6283
A27: Asurion Europe Limited | B27: ASURION | C27: no | D27: 2026-01-01 to 2026-06-30 | H27: 0.2008 | J27: 0.2008
A28: Atlanta Insurance Intermediaries Limited | B28: MARKERSTUDY GROUP | C28: no | D28: 2026-01-01 to 2026-06-30 | H28: 0.4041 | J28: 0.4041
A29: Automobile Association Insurance Services Limited | B29: AUTOMOBILE ASSOCIATION (AA) | C29: no | D29: 2025-08-01 to 2026-01-31 | H29: 0.5311 | J29: 0.5311
A30: Avantia Insurance Limited | B30: AVANTIA GROUP | C30: no | D30: 2026-01-01 to 2026-06-30 | H30: 0.4029 | J30: 0.4029
A31: Aviva Administration Limited | B31: AVIVA PLC | C31: no | D31: 2026-01-01 to 2026-06-30 | F31: 0.724 | G31: 0.4465 | H31: 0.6531 | I31: 0.8377 | J31: 0.7188
A32: Aviva Health UK Limited | B32: AVIVA PLC | C32: no | D32: 2026-01-01 to 2026-06-30 | H32: 0.2976 | J32: 0.2976
A33: Aviva Insurance Limited | B33: AVIVA PLC | C33: no | D33: 2026-01-01 to 2026-06-30 | H33: 0.5616 | J33: 0.5616
A34: AWP Assistance UK Ltd | B34: ALLIANZ GROUP | C34: yes | D34: 2026-01-01 to 2026-06-30 | H34: 0.8011 | J34: 0.8011
A35: AWP P&C S.A. | B35: ALLIANZ GROUP | C35: yes | D35: 2026-01-01 to 2026-06-30 | H35: 0.3303 | J35: 0.3303
A36: AXA Insurance Designated Activity Company | B36: AXA GROUP | C36: no | D36: 2026-01-01 to 2026-06-30 | H36: 0.5602 | J36: 0.5602
A37: AXA Insurance UK Plc | B37: AXA GROUP | C37: no | D37: 2026-01-01 to 2026-06-30 | H37: 0.5925 | J37: 0.5925
A38: AXA PPP Healthcare Limited | B38: AXA GROUP | C38: no | D38: 2026-01-01 to 2026-06-30 | H38: 0.5218 | J38: 0.5218
A39: Bank of Ireland (UK) Plc | B39: BANK OF IRELAND GROUP | C39: yes | D39: 2026-01-01 to 2026-06-30 | E39: 0.3926 | G39: 0.2692 | H39: 0 | J39: 0.3493
A40: Bank of Scotland plc | B40: LLOYDS BANKING GROUP PLC | C40: no | D40: 2026-01-01 to 2026-06-30 | E40: 0.6463 | F40: 0.75 | G40: 0.5818 | H40: 0.1574 | I40: 0.25 | J40: 0.6356
A41: Barclays Bank Plc | B41: BARCLAYS GROUP | C41: no | D41: 2026-01-01 to 2026-06-30 | E41: 0.5452 | F41: 0.5893 | I41: 0.6539 | J41: 0.5569
A42: Barclays Bank UK PLC | B42: BARCLAYS GROUP | C42: no | D42: 2026-01-01 to 2026-06-30 | E42: 0.5724 | F42: 0.3333 | G42: 0.7306 | H42: 0.1561 | I42: 0.5714 | J42: 0.5806
A43: Bennetts Motorcycling Services Limited | B43: NO GROUP | C43: no | D43: 2026-01-01 to 2026-06-30 | H43: 0.3275 | J43: 0.3275
A44: BISL Limited | B44: MARKERSTUDY GROUP | C44: no | D44: 2026-01-01 to 2026-06-30 | H44: 0.5446 | J44: 0.5446
A45: British Gas Services Limited | B45: BRITISH GAS | C45: yes | D45: 2026-01-01 to 2026-06-30 | H45: 0.9354 | J45: 0.9354
A46: BUPA Insurance Services Limited | B46: BUPA GROUP | C46: yes | D46: 2026-01-01 to 2026-06-30 | H46: 0.5967 | J46: 0.5967
A47: Cabot Credit Management Group Limited | B47: ENCORE CAPITAL GROUP | C47: no | D47: 2026-01-01 to 2026-06-30 | G47: 0.4545 | J47: 0.4545
A48: CALL ASSIST LIMITED | B48: NO GROUP | C48: no | D48: 2025-11-01 to 2026-04-30 | H48: 0.4759 | J48: 0.4759
A49: Capital One (Europe) plc | B49: CAPITAL ONE FINANCIAL CORPORATION | C49: no | D49: 2026-01-01 to 2026-06-30 | E49: 0.3995 | H49: 0 | J49: 0.3994
A50: Car Care Plan Limited | B50: NO GROUP | C50: yes | D50: 2026-01-01 to 2026-06-30 | H50: 0.2075 | J50: 0.2075
A51: Carfinance247 Limited | B51: 247 MONEY GROUP | C51: no | D51: 2026-01-01 to 2026-06-30 | H51: 0.3662 | J51: 0.3662
A52: CAROLE NASH INSURANCE CONSULTANTS LIMITED | B52: MARKERSTUDY GROUP | C52: no | D52: 2026-01-01 to 2026-06-30 | H52: 0.407 | J52: 0.407
A53: Castelan Limited | B53: CASTELAN GROUP | C53: no | D53: 2025-10-01 to 2026-03-31 | H53: 0.4965 | J53: 0.4965
A54: Charter Court Financial Services Limited | B54: CHARTER COURT FINANCIAL SERVICES GROUP PLC | C54: no | D54: 2026-01-01 to 2026-06-30 | E54: 0.4815 | G54: 0.3775 | J54: 0.4259
A55: Chubb European Group SE | B55: CHUBB LIMITED | C55: no | D55: 2026-01-01 to 2026-06-30 | H55: 0.583 | J55: 0.583
A56: ClearBank Limited | B56: CLEARBANK GROUP | C56: no | D56: 2026-01-01 to 2026-06-30 | E56: 0.6248 | J56: 0.6248
A57: Close Brothers Limited | B57: CLOSE BROTHERS GROUP PLC | C57: no | D57: 2025-08-01 to 2026-01-31 | E57: 0.5729 | H57: 0 | J57: 0.57
A58: Cofunds Limited | B58: AEGON N.V. | C58: no | D58: 2026-01-01 to 2026-06-30 | F58: 0.3789 | I58: 0.5109 | J58: 0.4949
A59: COMPLETE COVER GROUP LIMITED | B59: COMPLETE COVER GROUP | C59: no | D59: 2026-01-01 to 2026-06-30 | H59: 0.5457 | J59: 0.5457
A60: Computershare Investor Services Plc | B60: NO GROUP | C60: no | D60: 2026-01-01 to 2026-06-30 | I60: 0.2866 | J60: 0.2866
A61: Connells Limited | B61: SKIPTON BUILDING SOCIETY | C61: no | D61: 2026-01-01 to 2026-06-30 | G61: 0.4263 | H61: 0.3401 | J61: 0.4045
A62: Countrywide Assured Plc | B62: CHESNARA PLC | C62: no | D62: 2026-01-01 to 2026-06-30 | F62: 0.3964 | H62: 0.3248 | I62: 0.7556 | J62: 0.4111
A63: Coutts & Company | B63: NATWEST GROUP | C63: no | D63: 2026-01-01 to 2026-06-30 | E63: 0.4321 | F63: 0.625 | G63: 0.5278 | H63: 0.3846 | I63: 0.7308 | J63: 0.4549
A64: Covea Insurance plc | B64: COVEA GROUP | C64: yes | D64: 2026-01-01 to 2026-06-30 | H64: 0.5385 | J64: 0.5385
A65: Coventry Building Society | B65: COVENTRY BUILDING SOCIETY | C65: yes | D65: 2026-01-01 to 2026-06-30 | E65: 0.554 | G65: 0.6969 | J65: 0.5774
A66: CREATION CONSUMER FINANCE LIMITED | B66: BNP PARIBAS GROUP | C66: no | D66: 2026-01-01 to 2026-06-30 | E66: 0.4952 | J66: 0.4952
A67: Cynergy Bank Plc | B67: CYNERGY CAPITAL LTD | C67: no | D67: 2026-01-01 to 2026-06-30 | E67: 0.7692 | G67: 0.4 | J67: 0.7657
A68: Digital Moneybox Limited | B68: NO GROUP | C68: no | D68: 2026-01-01 to 2026-06-30 | E68: 0.2883 | F68: 0.3333 | I68: 0.202 | J68: 0.2666
A69: Domestic & General Insurance Plc | B69: DOMESTIC & GENERAL GROUP | C69: no | D69: 2025-10-01 to 2026-03-31 | H69: 0.5432 | J69: 0.5432
A70: Dual Corporate Risks Limited | B70: DUAL GROUP | C70: no | D70: 2026-01-01 to 2026-06-30 | H70: 0.4339 | J70: 0.4339
A71: EBS Pensions Limited | B71: LLOYDS BANKING GROUP PLC | C71: no | D71: 2026-01-01 to 2026-06-30 | F71: 0.9371 | J71: 0.9371
A72: Elderbridge Limited | B72: TECH MAHINDRA LIMITED | C72: no | D72: 2025-10-01 to 2026-03-31 | G72: 0.5448 | H72: 1 | J72: 0.5455
A73: Embark Investment Services Limited | B73: LLOYDS BANKING GROUP PLC | C73: no | D73: 2026-01-01 to 2026-06-30 | F73: 0.7021 | I73: 0.7172 | J73: 0.7097
A74: Embark Services Limited | B74: LLOYDS BANKING GROUP PLC | C74: no | D74: 2026-01-01 to 2026-06-30 | F74: 0.9242 | J74: 0.9242
A75: Equiniti Financial Services Limited | B75: EQUINITI GROUP PLC | C75: no | D75: 2026-01-01 to 2026-06-30 | F75: 0.1765 | I75: 0.2773 | J75: 0.2768
A76: ERGO TRAVEL INSURANCE SERVICES LTD | B76: MUNICH RE | C76: no | D76: 2026-01-01 to 2026-06-30 | H76: 0.4228 | J76: 0.4228
A77: esure Insurance Limited | B77: AGEAS SA-NV | C77: no | D77: 2026-01-01 to 2026-06-30 | H77: 0.6734 | J77: 0.6734
A78: ETORO (UK) LIMITED | B78: ETORO GROUP LTD | C78: no | D78: 2026-01-01 to 2026-06-30 | I78: 0.0226 | J78: 0.0226
A79: EUI Limited | B79: ADMIRAL GROUP PLC | C79: yes | D79: 2026-01-01 to 2026-06-30 | H79: 0.645 | J79: 0.645
A80: Exeter Friendly Society Limited | B80: NO GROUP | C80: no | D80: 2026-01-01 to 2026-06-30 | H80: 0.05 | J80: 0.05
A81: Extracover Limited | B81: NO GROUP | C81: no | D81: 2026-01-01 to 2026-06-30 | H81: 0.4309 | J81: 0.4309
A82: Family Assurance Friendly Society Limited | B82: NO GROUP | C82: no | D82: 2026-01-01 to 2026-06-30 | F82: 1 | H82: 0.3504 | I82: 0.54 | J82: 0.4536
A83: Family Equity Plan Limited | B83: FAMILY ASSURANCE FRIENDLY SOCIETY LTD | C83: no | D83: 2026-01-01 to 2026-06-30 | E83: 0.2885 | I83: 0.4295 | J83: 0.3558
A84: FCE Bank Plc | B84: FORD MOTOR CO | C84: no | D84: 2026-01-01 to 2026-06-30 | E84: 0.6078 | J84: 0.6078
A85: FIL Life Insurance Limited | B85: FIDELITY INTERNATIONAL GROUP | C85: no | D85: 2026-01-01 to 2026-06-30 | F85: 0.4549 | J85: 0.4549
A86: Financial Administration Services Limited | B86: FIDELITY INTERNATIONAL GROUP | C86: no | D86: 2026-01-01 to 2026-06-30 | F86: 0.6248 | I86: 0.5657 | J86: 0.5865
A87: First Central Insurance Management Limited | B87: FIRST CENTRAL GROUP LIMITED | C87: no | D87: 2026-01-01 to 2026-06-30 | H87: 0.3929 | J87: 0.3929
A88: Forester Life Limited | B88: FORSTERS FINANCIAL | C88: no | D88: 2026-01-01 to 2026-06-30 | F88: 0.4583 | H88: 0.439 | I88: 0.3814 | J88: 0.3883
A89: Fortegra Europe Insurance Company Ltd | B89: TIPTREE INC | C89: no | D89: 2026-01-01 to 2026-06-30 | H89: 0.5125 | J89: 0.5125
A90: Freetrade Limited | B90: IG GROUP | C90: no | D90: 2026-01-01 to 2026-06-30 | F90: 0.4815 | I90: 0.4141 | J90: 0.4258
A91: Funding Circle Ltd | B91: NO GROUP | C91: no | D91: 2026-01-01 to 2026-06-30 | I91: 0.8 | J91: 0.8
A92: Halifax Share Dealing Limited | B92: LLOYDS BANKING GROUP PLC | C92: no | D92: 2026-01-01 to 2026-06-30 | F92: 0.6849 | I92: 0.492 | J92: 0.5122
A93: Hargreaves Lansdown Asset Management Limited | B93: HARGREAVES LANSDOWN LIMITED | C93: no | D93: 2026-01-01 to 2026-06-30 | F93: 0.6351 | I93: 0.4301 | J93: 0.4831
A94: Hastings Insurance Services Limited | B94: HASTINGS GROUP | C94: yes | D94: 2026-01-01 to 2026-06-30 | H94: 0.527 | J94: 0.527
A95: HELVETIA GLOBAL SOLUTIONS LTD | B95: HELVETIA GROUP | C95: no | D95: 2026-01-01 to 2026-06-30 | H95: 0.4655 | J95: 0.4655
A96: HERTS INSURANCE CONSULTANTS LIMITED | B96: NO GROUP | C96: no | D96: 2025-10-01 to 2026-03-31 | H96: 0.3467 | J96: 0.3467
A97: Highway Insurance Company Limited | B97: ALLIANZ GROUP | C97: no | D97: 2026-01-01 to 2026-06-30 | H97: 0.5058 | J97: 0.5058
A98: Hiscox Insurance Company Limited | B98: HISCOX GROUP | C98: yes | D98: 2026-01-01 to 2026-06-30 | H98: 0.5675 | J98: 0.5675
A99: Homeserve Membership Limited | B99: HOMESERVE GROUP | C99: no | D99: 2026-01-01 to 2026-06-30 | H99: 0.2157 | J99: 0.2157
A100: Hood Travel Limited | B100: HOOD GROUP | C100: no | D100: 2026-01-01 to 2026-06-30 | H100: 0.1779 | J100: 0.1779
...

Sheet Context - Intermediation
A1: Firm Name | B1: Group | C1: Joint Reporting | D1: Reporting period | E1: Decumulation & pensions | F1: Home finance | G1: Insurance & pure protection | H1: Investments
A2: 2GETHER INSURANCE LTD | B2: NO GROUP | C2: no | D2: 2025-10-01 to 2026-03-31 | G2: 0.89
A3: Accord Mortgages Limited | B3: YORKSHIRE BUILDING SOCIETY | C3: no | D3: 2026-01-01 to 2026-06-30 | F3: 67.86
A4: Accredited Insurance (Europe) Ltd | B4: ACCREDITED GROUP | C4: no | D4: 2026-01-01 to 2026-06-30 | G4: 3.15
A5: ACORN INSURANCE AND FINANCIAL SERVICES LIMITED | B5: ACORN GROUP | C5: no | D5: 2026-01-01 to 2026-06-30 | G5: 1.51
A6: Advisory Insurance Brokers Limited | B6: ARDONAGH GROUP LIMITED | C6: no | D6: 2026-01-01 to 2026-06-30 | G6: 1.72
A7: Aldermore Bank Plc | B7: FIRSTRAND LIMITED | C7: no | D7: 2026-01-01 to 2026-06-30 | F7: 131.65
A8: AmTrust Specialty Limited | B8: AMTRUST INTERNATIONAL | C8: no | D8: 2026-01-01 to 2026-06-30 | G8: 0.66
A9: Antares Insurance Company Limited | B9: QIC CAPITAL LLC | C9: no | D9: 2026-01-01 to 2026-06-30 | G9: 15.96
A10: ARAG Legal Expenses Insurance Company Limited | B10: ARAG PLC | C10: no | D10: 2026-01-01 to 2026-06-30 | G10: 0.83
A11: Arthur J. Gallagher Insurance Brokers Limited | B11: GALLAGHER GROUP | C11: yes | D11: 2026-01-01 to 2026-06-30 | G11: 2.16
A12: Atlanta Insurance Intermediaries Limited | B12: MARKERSTUDY GROUP | C12: no | D12: 2026-01-01 to 2026-06-30 | G12: 7.05
A13: Automobile Association Insurance Services Limited | B13: AUTOMOBILE ASSOCIATION (AA) | C13: no | D13: 2025-08-01 to 2026-01-31 | G13: 2.06
A14: Avantia Insurance Limited | B14: AVANTIA GROUP | C14: no | D14: 2026-01-01 to 2026-06-30 | G14: 5.61
A15: Aviva Health UK Limited | B15: AVIVA PLC | C15: no | D15: 2026-01-01 to 2026-06-30 | G15: 6.85
A16: AWP Assistance UK Ltd | B16: ALLIANZ GROUP | C16: yes | D16: 2026-01-01 to 2026-06-30 | G16: 0.91
A17: AWP P&C S.A. | B17: ALLIANZ GROUP | C17: yes | D17: 2026-01-01 to 2026-06-30 | G17: 0.71
A18: AXA Insurance Designated Activity Company | B18: AXA GROUP | C18: no | D18: 2026-01-01 to 2026-06-30 | G18: 12
A19: Barclays Bank UK PLC | B19: BARCLAYS GROUP | C19: no | D19: 2026-01-01 to 2026-06-30 | E19: 0.09
A20: Bennetts Motorcycling Services Limited | B20: NO GROUP | C20: no | D20: 2026-01-01 to 2026-06-30 | G20: 6.24
A21: BISL Limited | B21: MARKERSTUDY GROUP | C21: no | D21: 2026-01-01 to 2026-06-30 | G21: 7.92
A22: CAROLE NASH INSURANCE CONSULTANTS LIMITED | B22: MARKERSTUDY GROUP | C22: no | D22: 2026-01-01 to 2026-06-30 | G22: 6.23
A23: Castelan Limited | B23: CASTELAN GROUP | C23: no | D23: 2025-10-01 to 2026-03-31 | G23: 1.92
A24: COMPLETE COVER GROUP LIMITED | B24: COMPLETE COVER GROUP | C24: no | D24: 2026-01-01 to 2026-06-30 | G24: 42.46
A25: Connells Limited | B25: SKIPTON BUILDING SOCIETY | C25: no | D25: 2026-01-01 to 2026-06-30 | F25: 14.93 | G25: 3.61
A26: Countrywide Assured Plc | B26: CHESNARA PLC | C26: no | D26: 2026-01-01 to 2026-06-30 | H26: 960.4
A27: Covea Insurance plc | B27: COVEA GROUP | C27: yes | D27: 2026-01-01 to 2026-06-30 | G27: 4.64
A28: ERGO TRAVEL INSURANCE SERVICES LTD | B28: MUNICH RE | C28: no | D28: 2026-01-01 to 2026-06-30 | G28: 7.62
A29: ETORO (UK) LIMITED | B29: ETORO GROUP LTD | C29: no | D29: 2026-01-01 to 2026-06-30 | H29: 0.01
A30: Exeter Friendly Society Limited | B30: NO GROUP | C30: no | D30: 2026-01-01 to 2026-06-30 | G30: 79.52
A31: Extracover Limited | B31: NO GROUP | C31: no | D31: 2026-01-01 to 2026-06-30 | G31: 0.31
A32: Fortegra Europe Insurance Company Ltd | B32: TIPTREE INC | C32: no | D32: 2026-01-01 to 2026-06-30 | G32: 42.44
A33: Freetrade Limited | B33: IG GROUP | C33: no | D33: 2026-01-01 to 2026-06-30 | E33: 8.98
A34: Hastings Insurance Services Limited | B34: HASTINGS GROUP | C34: yes | D34: 2026-01-01 to 2026-06-30 | G34: 8.18
A35: Homeserve Membership Limited | B35: HOMESERVE GROUP | C35: no | D35: 2026-01-01 to 2026-06-30 | G35: 3.05
A36: Hood Travel Limited | B36: HOOD GROUP | C36: no | D36: 2026-01-01 to 2026-06-30 | G36: 6.27
A37: Howserv Limited | B37: STAYSURE HOLDINGS LTD | C37: no | D37: 2026-01-01 to 2026-06-30 | G37: 6.55
A38: HTG HOME SERVICES LIMITED | B38: NO GROUP | C38: no | D38: 2026-01-01 to 2026-06-30 | G38: 16.08
A39: I Go 4 Ltd. | B39: MARKERSTUDY GROUP | C39: no | D39: 2026-01-01 to 2026-06-30 | G39: 4.22
A40: IG INDEX LIMITED | B40: IG GROUP | C40: no | D40: 2026-01-01 to 2026-06-30 | E40: 240.96 | H40: 0.02
A41: INSURANCE FACTORY LIMITED | B41: MARKERSTUDY GROUP | C41: no | D41: 2026-01-01 to 2026-06-30 | G41: 14.82
A42: Inter Partner Assistance SA | B42: AXA GROUP | C42: no | D42: 2026-01-01 to 2026-06-30 | G42: 1.25
A43: Interactive Brokers (U.K.) Limited | B43: INTERACTIVE BROKERS GROUP | C43: no | D43: 2026-01-01 to 2026-06-30 | H43: 0.07
A44: J.P. Morgan Europe Limited | B44: JPMORGAN CHASE & CO | C44: no | D44: 2026-01-01 to 2026-06-30 | G44: 4.62
A45: J.P. MORGAN PERSONAL INVESTING LIMITED | B45: JPMORGAN CHASE & CO | C45: no | D45: 2026-01-01 to 2026-06-30 | E45: 137.72 | H45: 21.98
A46: Leeds Building Society | B46: LEEDS BUILDING SOCIETY | C46: no | D46: 2026-01-01 to 2026-06-30 | G46: 7.25
A47: Lexham Insurance Consultants Limited | B47: NO GROUP | C47: no | D47: 2026-01-01 to 2026-06-30 | G47: 8.56
A48: LONDON & COUNTRY MORTGAGES LIMITED | B48: NO GROUP | C48: no | D48: 2026-01-01 to 2026-06-30 | F48: 20.38 | G48: 5.51
A49: M & G Securities Limited | B49: M&G PLC | C49: no | D49: 2026-01-01 to 2026-06-30 | H49: 1.24
A50: ManyPets Ltd | B50: MANY GROUP | C50: no | D50: 2025-10-01 to 2026-03-31 | G50: 8.16
A51: MARSHMALLOW FINANCIAL SERVICES LIMITED | B51: MARSHMALLOW GROUP | C51: yes | D51: 2026-01-01 to 2026-06-30 | G51: 24.46
A52: Metro Bank PLC | B52: METRO BANK GROUP | C52: no | D52: 2026-01-01 to 2026-06-30 | F52: 285.11
A53: MONZO BANK LIMITED | B53: MONZO GROUP | C53: no | D53: 2025-10-01 to 2026-03-31 | G53: 1.02
A54: MUNICH RE DIGITAL PARTNERS LIMITED | B54: MUNICH RE | C54: no | D54: 2026-01-01 to 2026-06-30 | G54: 132.02
A55: NATIONAL WESTMINSTER BANK PUBLIC LIMITED COMPANY | B55: NATWEST GROUP | C55: no | D55: 2026-01-01 to 2026-06-30 | G55: 0.84
A56: Nationwide Building Society | B56: NATIONWIDE BUILDING SOCIETY | C56: no | D56: 2025-10-01 to 2026-03-31 | G56: 2.85
A57: NUCLEUS FINANCIAL SERVICES LIMITED | B57: NUCLEUS FINANCIAL PLATFORMS GROUP | C57: no | D57: 2026-01-01 to 2026-06-30 | E57: 400.14 | H57: 48.12
A58: One Call Insurance Services Limited | B58: NO GROUP | C58: no | D58: 2026-01-01 to 2026-06-30 | G58: 0.94
A59: One Sure Insurance Limited | B59: NO GROUP | C59: no | D59: 2025-12-30 to 2026-06-29 | G59: 16.87
A60: Paragon Bank Plc | B60: PARAGON BANKING GROUP PLC | C60: yes | D60: 2025-10-01 to 2026-03-31 | G60: 0.06
A61: PRIMA SUBSIDIARY LTD | B61: NO GROUP | D61: 2026-01-01 to 2026-06-30 | G61: 7.62
A62: Principality Building Society | B62: NO GROUP | C62: no | D62: 2026-01-01 to 2026-06-30 | G62: 12.2
A63: Qmetric Group Limited | B63: NO GROUP | C63: no | D63: 2026-01-01 to 2026-06-30 | G63: 1.82
A64: Quilter Financial Services Limited | B64: QUILTER GROUP | C64: no | D64: 2026-01-01 to 2026-06-30 | E64: 12.18 | F64: 1.05 | G64: 1.38 | H64: 13.07
A65: REASSURED LIMITED | B65: NO GROUP | C65: no | D65: 2025-08-01 to 2026-01-31 | G65: 5.68
A66: Rock Insurance Services Limited | B66: ROCK INSURANCE GROUP | C66: no | D66: 2026-01-01 to 2026-06-30 | G66: 1.06
A67: SiriusPoint International Insurance Corporation | B67: SIRIUSPOINT | C67: no | D67: 2026-01-01 to 2026-06-30 | G67: 0.06
A68: Skipton Building Society | B68: SKIPTON BUILDING SOCIETY | C68: no | D68: 2026-01-01 to 2026-06-30 | E68: 22.34 | H68: 19.79
A69: Somerset Bridge Insurance Services Limited | B69: SOMERSET BRIDGE GROUP | C69: no | D69: 2026-01-01 to 2026-06-30 | G69: 3.65
A70: St. James's Place Wealth Management Plc | B70: ST. JAMES'S PLACE PLC | C70: no | D70: 2026-01-01 to 2026-06-30 | E70: 19.26 | F70: 1.56 | G70: 5.23 | H70: 17.2
A71: Starr International (Europe) Limited | B71: STARR INTERNATIONAL COMPANY, INC. | C71: no | D71: 2026-01-01 to 2026-06-30 | G71: 11.28
A72: THE CO-OPERATIVE BANK P.L.C. | B72: COVENTRY BUILDING SOCIETY | C72: no | D72: 2026-01-01 to 2026-06-30 | G72: 30.15
A73: THE ROYAL BANK OF SCOTLAND PUBLIC LIMITED COMPANY | B73: NATWEST GROUP | C73: no | D73: 2026-01-01 to 2026-06-30 | G73: 1.1
A74: Trading 212 UK Limited | B74: NO GROUP | C74: no | D74: 2026-01-01 to 2026-06-30 | E74: 1.55 | H74: 2.79
A75: True Potential Wealth Management LLP | B75: NO GROUP | C75: no | D75: 2026-01-01 to 2026-06-30 | E75: 82.71 | F75: 1.31 | G75: 1.44 | H75: 15.6
A76: TSB Bank plc | B76: BANCO DE SABADELL SA | C76: no | D76: 2026-01-01 to 2026-06-30 | G76: 0.47
A77: UBS AG | B77: UBS GROUP | C77: no | D77: 2026-01-01 to 2026-06-30 | E77: 280
A78: Uinsure Limited | B78: NO GROUP | C78: no | D78: 2025-08-01 to 2026-01-31 | G78: 3.74
A79: UK Warranty Limited | B79: PACIFICA GROUP | C79: no | D79: 2025-10-01 to 2026-03-31 | G79: 23.01
A80: USAY BUSINESS LTD | B80: ARDONAGH GROUP | C80: no | D80: 2026-01-01 to 2026-06-30 | G80: 21.97
A81: Utility Warehouse Limited | B81: TELECOM PLUS PLC | C81: no | D81: 2025-10-01 to 2026-03-31 | G81: 30.97
A82: Vitality Corporate Services Limited | B82: DISCOVERY LIMITED | C82: yes | D82: 2026-01-01 to 2026-06-30 | G82: 5.18
A83: Vodafone Limited | B83: VODAFONETHREE HOLDINGS LIMITED | C83: no | D83: 2025-10-01 to 2026-03-31 | G83: 3.57
A84: Wesleyan Assurance Society | B84: NO GROUP | C84: no | D84: 2026-01-01 to 2026-06-30 | E84: 493.3 | H84: 69.78
A85: Xbridge Limited | B85: THE TRAVELERS COMPANIES, INC. | C85: no | D85: 2026-01-01 to 2026-06-30 | G85: 2.15
A86: Zurich Assurance Ltd | B86: ZURICH INSURANCE GROUP LIMITED | C86: no | D86: 2026-01-01 to 2026-06-30 | E86: 7424.84 | G86: 7.74

Sheet Context - Provision
A1: Firm Name | B1: Group | C1: Joint Reporting | D1: Reporting period | E1: Banking and credit cards | F1: Decumulation & pensions | G1: Home finance | H1: Insurance & pure protection | I1: Investments
A2: 2GETHER INSURANCE LTD | B2: NO GROUP | C2: no | D2: 2025-10-01 to 2026-03-31 | H2: 0.53
A3: Accord Mortgages Limited | B3: YORKSHIRE BUILDING SOCIETY | C3: no | D3: 2026-01-01 to 2026-06-30 | G3: 5.01
A4: Accredited Insurance (Europe) Ltd | B4: ACCREDITED GROUP | C4: no | D4: 2026-01-01 to 2026-06-30 | H4: 1.72
A5: ACORN INSURANCE AND FINANCIAL SERVICES LIMITED | B5: ACORN GROUP | C5: no | D5: 2026-01-01 to 2026-06-30 | H5: 1.59
A6: Adrian Flux Insurance Services Group | B6: NO GROUP | C6: no | D6: 2025-10-01 to 2026-03-31 | H6: 2.54
A7: Ageas Insurance Limited | B7: AGEAS SA-NV | C7: no | D7: 2026-01-01 to 2026-06-30 | H7: 1.36
A8: Ageas Retail Limited | B8: AGEAS SA-NV | C8: no | D8: 2026-01-01 to 2026-06-30 | H8: 3.91
A9: Aioi Nissay Dowa Insurance UK Limited | B9: AIOI NISSAY DOWA EUROPE LIMITED | C9: yes | D9: 2026-01-01 to 2026-06-30 | H9: 9.7
A10: AJ Bell Management Limited | B10: AJ BELL GROUP | C10: no | D10: 2025-10-01 to 2026-03-31 | F10: 3.98
A11: AJ Bell Securities Limited | B11: AJ BELL GROUP | C11: no | D11: 2025-10-01 to 2026-03-31 | E11: 6.31 | F11: 1.02 | I11: 1.94
A12: Aldermore Bank Plc | B12: FIRSTRAND LIMITED | C12: no | D12: 2026-01-01 to 2026-06-30 | E12: 2.01 | G12: 13.77
A13: Allianz Insurance Plc | B13: ALLIANZ GROUP | C13: no | D13: 2026-01-01 to 2026-06-30 | H13: 0.57
A14: ALLICA BANK LIMITED | B14: NO GROUP | C14: no | D14: 2026-01-01 to 2026-06-30 | E14: 16.74
A15: AMERICAN EXPRESS SERVICES EUROPE LIMITED | B15: AMERICAN EXPRESS | C15: no | D15: 2026-01-01 to 2026-06-30 | E15: 5.5 | H15: 0.05
A16: AMERICAN INTERNATIONAL GROUP UK LIMITED | B16: AMERICAN INTERNATIONAL GROUP, INC. (AIG) | C16: no | D16: 2026-01-01 to 2026-06-30 | H16: 0.17
A17: AmTrust Specialty Limited | B17: AMTRUST INTERNATIONAL | C17: no | D17: 2026-01-01 to 2026-06-30 | H17: 0.35
A18: ANIMAL FRIENDS INSURANCE SERVICES LIMITED | B18: PINNACLE PET GROUP | C18: no | D18: 2026-01-01 to 2026-06-30 | H18: 2.35
A19: Antares Insurance Company Limited | B19: QIC CAPITAL LLC | C19: no | D19: 2026-01-01 to 2026-06-30 | H19: 5.72
A20: ARAG Legal Expenses Insurance Company Limited | B20: ARAG PLC | C20: no | D20: 2026-01-01 to 2026-06-30 | H20: 0.41
A21: Arch Insurance (UK) Limited | B21: ARCH CAPITAL GROUP | C21: no | D21: 2026-01-01 to 2026-06-30 | H21: 4.6
A22: Assurant General Insurance Limited | B22: ASSURANT INC | C22: no | D22: 2026-01-01 to 2026-06-30 | H22: 1.04
A23: Asurion Europe Limited | B23: ASURION | C23: no | D23: 2026-01-01 to 2026-06-30 | H23: 1.69
A24: Atlanta Insurance Intermediaries Limited | B24: MARKERSTUDY GROUP | C24: no | D24: 2026-01-01 to 2026-06-30 | H24: 4.18
A25: Avantia Insurance Limited | B25: AVANTIA GROUP | C25: no | D25: 2026-01-01 to 2026-06-30 | H25: 2.94
A26: Aviva Administration Limited | B26: AVIVA PLC | C26: no | D26: 2026-01-01 to 2026-06-30 | F26: 2.41 | G26: 6.43 | H26: 1.35 | I26: 4.76
A27: Aviva Insurance Limited | B27: AVIVA PLC | C27: no | D27: 2026-01-01 to 2026-06-30 | H27: 2.91
A28: AWP Assistance UK Ltd | B28: ALLIANZ GROUP | C28: yes | D28: 2026-01-01 to 2026-06-30 | H28: 0.59
A29: AWP P&C S.A. | B29: ALLIANZ GROUP | C29: yes | D29: 2026-01-01 to 2026-06-30 | H29: 0.46
A30: AXA Insurance Designated Activity Company | B30: AXA GROUP | C30: no | D30: 2026-01-01 to 2026-06-30 | H30: 6.38
A31: AXA Insurance UK Plc | B31: AXA GROUP | C31: no | D31: 2026-01-01 to 2026-06-30 | H31: 5.17
A32: AXA PPP Healthcare Limited | B32: AXA GROUP | C32: no | D32: 2026-01-01 to 2026-06-30 | H32: 13.45
A33: Bank of Ireland (UK) Plc | B33: BANK OF IRELAND GROUP | C33: yes | D33: 2026-01-01 to 2026-06-30 | E33: 1.89 | G33: 9.17
A34: Bank of Scotland plc | B34: LLOYDS BANKING GROUP PLC | C34: no | D34: 2026-01-01 to 2026-06-30 | E34: 2.31 | F34: 0.02 | G34: 6.48 | H34: 0.37 | I34: 0.24
A35: Barclays Bank Plc | B35: BARCLAYS GROUP | C35: no | D35: 2026-01-01 to 2026-06-30 | E35: 9.26 | G35: 2.22 | I35: 2.4
A36: Barclays Bank UK PLC | B36: BARCLAYS GROUP | C36: no | D36: 2026-01-01 to 2026-06-30 | E36: 2.14 | G36: 5.92 | H36: 1.31
A37: BISL Limited | B37: MARKERSTUDY GROUP | C37: no | D37: 2026-01-01 to 2026-06-30 | H37: 3.2
A38: British Gas Services Limited | B38: BRITISH GAS | C38: yes | D38: 2026-01-01 to 2026-06-30 | H38: 8.95
A39: BUPA Insurance Services Limited | B39: BUPA GROUP | C39: yes | D39: 2026-01-01 to 2026-06-30 | H39: 7.89
A40: CALL ASSIST LIMITED | B40: NO GROUP | C40: no | D40: 2025-11-01 to 2026-04-30 | H40: 3.73
A41: Capital One (Europe) plc | B41: CAPITAL ONE FINANCIAL CORPORATION | C41: no | D41: 2026-01-01 to 2026-06-30 | E41: 4.3 | H41: 0
A42: Car Care Plan Limited | B42: NO GROUP | C42: yes | D42: 2026-01-01 to 2026-06-30 | H42: 1.22
A43: CAROLE NASH INSURANCE CONSULTANTS LIMITED | B43: MARKERSTUDY GROUP | C43: no | D43: 2026-01-01 to 2026-06-30 | H43: 4.66
A44: Castelan Limited | B44: CASTELAN GROUP | C44: no | D44: 2025-10-01 to 2026-03-31 | H44: 0.51
A45: Charter Court Financial Services Limited | B45: CHARTER COURT FINANCIAL SERVICES GROUP PLC | C45: no | D45: 2026-01-01 to 2026-06-30 | E45: 2.84 | G45: 17.42
A46: Chubb European Group SE | B46: CHUBB LIMITED | C46: no | D46: 2026-01-01 to 2026-06-30 | H46: 0.77
A47: ClearBank Limited | B47: CLEARBANK GROUP | C47: no | D47: 2026-01-01 to 2026-06-30 | E47: 1.28
A48: Cofunds Limited | B48: AEGON N.V. | C48: no | D48: 2026-01-01 to 2026-06-30 | F48: 4.13 | I48: 0.94
A49: COMPLETE COVER GROUP LIMITED | B49: COMPLETE COVER GROUP | C49: no | D49: 2026-01-01 to 2026-06-30 | H49: 22.15
A50: Computershare Investor Services Plc | B50: NO GROUP | C50: no | D50: 2026-01-01 to 2026-06-30 | I50: 0.31
A51: Countrywide Assured Plc | B51: CHESNARA PLC | C51: no | D51: 2026-01-01 to 2026-06-30 | F51: 4.55 | H51: 2.48 | I51: 6.73
A52: Coutts & Company | B52: NATWEST GROUP | C52: no | D52: 2026-01-01 to 2026-06-30 | E52: 4.98 | F52: 5.38 | G52: 9.87 | H52: 0.89 | I52: 1.5
A53: Covea Insurance plc | B53: COVEA GROUP | C53: yes | D53: 2026-01-01 to 2026-06-30 | H53: 2.08
A54: Coventry Building Society | B54: COVENTRY BUILDING SOCIETY | C54: yes | D54: 2026-01-01 to 2026-06-30 | E54: 1.39 | G54: 2.04
A55: CREATION CONSUMER FINANCE LIMITED | B55: BNP PARIBAS GROUP | C55: no | D55: 2026-01-01 to 2026-06-30 | E55: 2.85
A56: Cynergy Bank Plc | B56: CYNERGY CAPITAL LTD | C56: no | D56: 2026-01-01 to 2026-06-30 | E56: 3.46 | G56: 4.58
A57: Digital Moneybox Limited | B57: NO GROUP | C57: no | D57: 2026-01-01 to 2026-06-30 | E57: 0.32 | F57: 0.32 | I57: 0.36
A58: Domestic & General Insurance Plc | B58: DOMESTIC & GENERAL GROUP | C58: no | D58: 2025-10-01 to 2026-03-31 | H58: 5.77
A59: Dual Corporate Risks Limited | B59: DUAL GROUP | C59: no | D59: 2026-01-01 to 2026-06-30 | H59: 0.82
A60: EBS Pensions Limited | B60: LLOYDS BANKING GROUP PLC | C60: no | D60: 2026-01-01 to 2026-06-30 | F60: 25.4
A61: Elderbridge Limited | B61: TECH MAHINDRA LIMITED | C61: no | D61: 2025-10-01 to 2026-03-31 | G61: 59.18
A62: Embark Investment Services Limited | B62: LLOYDS BANKING GROUP PLC | C62: no | D62: 2026-01-01 to 2026-06-30 | F62: 3.02 | I62: 1.47
A63: Embark Services Limited | B63: LLOYDS BANKING GROUP PLC | C63: no | D63: 2026-01-01 to 2026-06-30 | F63: 12.03
A64: Equiniti Financial Services Limited | B64: EQUINITI GROUP PLC | C64: no | D64: 2026-01-01 to 2026-06-30 | F64: 42.93 | I64: 0.56
A65: ERGO TRAVEL INSURANCE SERVICES LTD | B65: MUNICH RE | C65: no | D65: 2026-01-01 to 2026-06-30 | H65: 8.08
A66: esure Insurance Limited | B66: AGEAS SA-NV | C66: no | D66: 2026-01-01 to 2026-06-30 | H66: 2.76
A67: ETORO (UK) LIMITED | B67: ETORO GROUP LTD | C67: no | D67: 2026-01-01 to 2026-06-30 | I67: 1.64
A68: EUI Limited | B68: ADMIRAL GROUP PLC | C68: yes | D68: 2026-01-01 to 2026-06-30 | H68: 3.73
A69: Exeter Friendly Society Limited | B69: NO GROUP | C69: no | D69: 2026-01-01 to 2026-06-30 | H69: 8.09
A70: Extracover Limited | B70: NO GROUP | C70: no | D70: 2026-01-01 to 2026-06-30 | H70: 16.19
A71: FIL Life Insurance Limited | B71: FIDELITY INTERNATIONAL GROUP | C71: no | D71: 2026-01-01 to 2026-06-30 | F71: 1.44
A72: Financial Administration Services Limited | B72: FIDELITY INTERNATIONAL GROUP | C72: no | D72: 2026-01-01 to 2026-06-30 | F72: 3.23 | I72: 1.41
A73: First Central Insurance Management Limited | B73: FIRST CENTRAL GROUP LIMITED | C73: no | D73: 2026-01-01 to 2026-06-30 | H73: 6.7
A74: Forester Life Limited | B74: FORSTERS FINANCIAL | C74: no | D74: 2026-01-01 to 2026-06-30 | F74: 2.01 | H74: 0.95 | I74: 0.62
A75: Fortegra Europe Insurance Company Ltd | B75: TIPTREE INC | C75: no | D75: 2026-01-01 to 2026-06-30 | H75: 0.85
A76: Freetrade Limited | B76: IG GROUP | C76: no | D76: 2026-01-01 to 2026-06-30 | F76: 4.46 | I76: 1.05
A77: Halifax Share Dealing Limited | B77: LLOYDS BANKING GROUP PLC | C77: no | D77: 2026-01-01 to 2026-06-30 | F77: 8.52 | I77: 0.93
A78: Hargreaves Lansdown Asset Management Limited | B78: HARGREAVES LANSDOWN LIMITED | C78: no | D78: 2026-01-01 to 2026-06-30 | F78: 2.72 | I78: 2.19
A79: HELVETIA GLOBAL SOLUTIONS LTD | B79: HELVETIA GROUP | C79: no | D79: 2026-01-01 to 2026-06-30 | H79: 0.54
A80: HERTS INSURANCE CONSULTANTS LIMITED | B80: NO GROUP | C80: no | D80: 2025-10-01 to 2026-03-31 | H80: 4.44
A81: Highway Insurance Company Limited | B81: ALLIANZ GROUP | C81: no | D81: 2026-01-01 to 2026-06-30 | H81: 1.67
A82: Hiscox Insurance Company Limited | B82: HISCOX GROUP | C82: yes | D82: 2026-01-01 to 2026-06-30 | H82: 0.86
A83: Hood Travel Limited | B83: HOOD GROUP | C83: no | D83: 2026-01-01 to 2026-06-30 | H83: 10.65
A84: Howserv Limited | B84: STAYSURE HOLDINGS LTD | C84: no | D84: 2026-01-01 to 2026-06-30 | H84: 6.02
A85: HSBC UK Bank Plc | B85: HSBC GROUP | C85: no | D85: 2026-01-01 to 2026-06-30 | E85: 2.26 | F85: 0.25 | G85: 4.27 | H85: 0.06 | I85: 1.01
A86: HTG HOME SERVICES LIMITED | B86: NO GROUP | C86: no | D86: 2026-01-01 to 2026-06-30 | H86: 7.73
A87: I Go 4 Ltd. | B87: MARKERSTUDY GROUP | C87: no | D87: 2026-01-01 to 2026-06-30 | H87: 2.92
A88: IG INDEX LIMITED | B88: IG GROUP | C88: no | D88: 2026-01-01 to 2026-06-30 | F88: 17.51 | I88: 0.63
A89: Ikano Bank AB (publ) | B89: INGKA GROUP | C89: no | D89: 2026-01-01 to 2026-06-30 | E89: 6.29
A90: INSURANCE FACTORY LIMITED | B90: MARKERSTUDY GROUP | C90: no | D90: 2026-01-01 to 2026-06-30 | H90: 3.9
A91: INTACT INSURANCE UK LIMITED | B91: INTACT FINANCIAL CORPORATION | C91: no | D91: 2026-01-01 to 2026-06-30 | H91: 1.69
A92: Inter Partner Assistance SA | B92: AXA GROUP | C92: no | D92: 2026-01-01 to 2026-06-30 | H92: 1.09
A93: Interactive Brokers (U.K.) Limited | B93: INTERACTIVE BROKERS GROUP | C93: no | D93: 2026-01-01 to 2026-06-30 | I93: 3.23
A94: Interactive Investor Services Limited | B94: ABERDEEN GROUP | C94: no | D94: 2026-01-01 to 2026-06-30 | F94: 3.03 | I94: 4.18
A95: J.P. Morgan Europe Limited | B95: JPMORGAN CHASE & CO | C95: no | D95: 2026-01-01 to 2026-06-30 | E95: 1.27 | H95: 5.73
A96: J.P. MORGAN PERSONAL INVESTING LIMITED | B96: JPMORGAN CHASE & CO | C96: no | D96: 2026-01-01 to 2026-06-30 | F96: 12.89 | I96: 3.75
A97: Kensington Mortgage Company Limited | B97: BARCLAYS GROUP | C97: no | D97: 2026-01-01 to 2026-06-30 | G97: 14.63
A98: Leeds Building Society | B98: LEEDS BUILDING SOCIETY | C98: no | D98: 2026-01-01 to 2026-06-30 | E98: 1.61 | G98: 4.93
A99: Legal and General Assurance Society Limited | B99: LEGAL & GENERAL GROUP PLC | C99: no | D99: 2026-01-01 to 2026-06-30 | F99: 1.09 | H99: 0.76
A100: Lexham Insurance Consultants Limited | B100: NO GROUP | C100: no | D100: 2026-01-01 to 2026-06-30 | H100: 5.85
...

Sheet Trading Names
A1: Firm Name | B1: FRN | C1: Other Trading Names | D1: Firm Group
A2: Accord Mortgages Limited | B2: 305936 | C2: Accord Mortgages | D2: =_xlfn.XLOOKUP(A2,Opened!A:A,Opened!B:B) -> YORKSHIRE BUILDING SOCIETY
A3: Ageas Insurance Limited | B3: 202039 | C3: ageas, Back Me Up, Optima, Ageas | D3: =_xlfn.XLOOKUP(A3,Opened!A:A,Opened!B:B) -> AGEAS SA-NV
A4: ALLICA BANK LIMITED | B4: 821851 | C4: Allica | D4: =_xlfn.XLOOKUP(A4,Opened!A:A,Opened!B:B) -> NO GROUP
A5: AMERICAN EXPRESS SERVICES EUROPE LIMITED | B5: 661836 | C5: American Express | D5: =_xlfn.XLOOKUP(A5,Opened!A:A,Opened!B:B) -> AMERICAN EXPRESS
A6: ANIMAL FRIENDS INSURANCE SERVICES LIMITED | B6: 307858 | C6: Animal Friends Insurance, Animal Friends | D6: =_xlfn.XLOOKUP(A6,Opened!A:A,Opened!B:B) -> PINNACLE PET GROUP
A7: Antares Insurance Company Limited | B7: 967451 | C7: Antares Insurance Company Limited | D7: =_xlfn.XLOOKUP(A7,Opened!A:A,Opened!B:B) -> QIC CAPITAL LLC
A8: Astrenska Insurance Limited | B8: 202846 | C8: Astrenska, Collinson Insurance | D8: =_xlfn.XLOOKUP(A8,Opened!A:A,Opened!B:B) -> COLLINSON GROUP
A9: Aviva Health UK Limited | B9: 308139 | C9: Norwich Union, Norwich Union Healthcare | D9: =_xlfn.XLOOKUP(A9,Opened!A:A,Opened!B:B) -> AVIVA PLC
A10: AXA PPP Healthcare Limited | B10: 202947 | C10: AXA PPP International, AXA Health, AXA PPP healthcare | D10: =_xlfn.XLOOKUP(A10,Opened!A:A,Opened!B:B) -> AXA GROUP
A11: Bank of Ireland (UK) Plc | B11: 512956 | C11: AA Mortgages, Bank of Ireland (UK) | D11: =_xlfn.XLOOKUP(A11,Opened!A:A,Opened!B:B) -> BANK OF IRELAND GROUP
A12: Bennetts Motorcycling Services Limited | B12: 913949 | C12: Bennetts | D12: =_xlfn.XLOOKUP(A12,Opened!A:A,Opened!B:B) -> NO GROUP
A13: CALL ASSIST LIMITED | B13: 304838 | C13: starttravel.co.uk, startrescue.co.uk | D13: =_xlfn.XLOOKUP(A13,Opened!A:A,Opened!B:B) -> NO GROUP
... A66: Zempler Bank Limited | B66: 671140 | C66: Cashplus, APS Financial, Capital Recovery Solutions, Cashplus Bank | D66: =_xlfn.XLOOKUP(A66,Opened!A:A,Opened!B:B) -> ACCESS BANK PLC

Sheet Main return Joint reporters
A1: Firm Name | B1: Other firms included in return | C1: Reporting period
A2: AMERICAN INTERNATIONAL GROUP UK LIMITED | B2: AIG Europe S.A. | C2: 2026-01-01 to 2026-06-30
A3: Arthur J. Gallagher Insurance Brokers Limited | B3: Bircroft Insurance Services Limited | C3: 2026-01-01 to 2026-06-30
A4: Arthur J. Gallagher Insurance Brokers Limited | B4: Lifesure Group Limited | C4: 2026-01-01 to 2026-06-30
A5: AWP Assistance UK Ltd | B5: AWP P&C S.A. | C5: 2026-01-01 to 2026-06-30
A6: AWP P&C S.A. | B6: AWP Assistance UK Ltd | C6: 2026-01-01 to 2026-06-30
A7: Bank of Ireland (UK) Plc | B7: The Governor and Company of the Bank of Ireland | C7: 2026-01-01 to 2026-06-30
A8: Barclays Bank UK PLC | B8: Barclays Insurance Services Company Limited | C8: 2026-01-01 to 2026-06-30
A9: British Gas Services Limited | B9: British Gas Insurance Limited | C9: 2026-01-01 to 2026-06-30
A10: BUPA Insurance Services Limited | B10: BUPA Insurance Limited | C10: 2026-01-01 to 2026-06-30
A11: Car Care Plan Limited | B11: Motors Insurance Company Limited | C11: 2026-01-01 to 2026-06-30
A12: CARD PROTECTION PLAN LIMITED | B12: Homecare Insurance Limited | C12: 2026-01-01 to 2026-06-30
... A42: Yorkshire Building Society | B42: Norwich and Peterborough (LBS) Limited | C42: 2026-01-01 to 2026-06-30

Sheet Consumer credit Joint reporters
A1: Firm Name | B1: Other firms included in return | C1: Reporting period
A2: Arthur J. Gallagher Insurance Brokers Limited | B2: Bircroft Insurance Services Limited | C2: 2026-01-01 to 2026-06-30
A3: Arthur J. Gallagher Insurance Brokers Limited | B3: Lifesure Group Limited | C3: 2026-01-01 to 2026-06-30
A4: Bank of Ireland (UK) Plc | B4: The Governor and Company of the Bank of Ireland | C4: 2026-01-01 to 2026-06-30
A5: Barclays Bank UK PLC | B5: Barclays Insurance Services Company Limited | C5: 2026-01-01 to 2026-06-30
A6: Coventry Building Society | B6: Godiva Mortgages Limited | C6: 2026-01-01 to 2026-06-30
A7: Coventry Building Society | B7: ITL Mortgages Limited | C7: 2026-01-01 to 2026-06-30
A8: Paragon Bank Plc | B8: Paragon Finance PLC | C8: 2025-10-01 to 2026-03-31
A9: Salary Finance Limited | B9: Salary Finance Loans Limited | C9: 2026-01-01 to 2026-06-30
